 Dungeon Crawl Stone Soup version 0.29-a0-314-gb00dd7cb4b (webtiles) character file.

Game seed: 3003821071115008251

1149235 Bnni the Blood Saint (level 27, -20/326 (338) HPs)
             Began as a Demonspawn Fighter on Mar 28, 2022.
             Was an Initiate of Yredelemnul.
             Killed from afar by a Hell Sentinel (68 damage)
             ... with an iron shot
             ... on level 7 of the Iron City of Dis on Mar 29, 2022.
             The game lasted 08:56:59 (109158 turns).

Bnni the Blood Saint (Demonspawn Fighter)         Turns: 109158, Time: 08:57:01

HP:   -20/326 (338) AC: 29    Str: 16 (29) XL:     27
MP:   43/44         EV: 11    Int: 18 (22) God:    Yredelemnul [......]
Gold: 9564          SH: 30    Dex: 10      Spells: 13/60 levels left

rFire   + + +      SeeInvis +   e - +9 demon trident (flame)
rCold   + + .      Faith    .   B - +8 tower shield {reflect}
rNeg    + + +      Spirit   .   y - +10 pearl dragon scales
rPois   +          Reflect  +   W - -2 hat of the Alchemist {rElec rPois rF+ rC+ rN+ Will+ rMut rCorr}
rElec   +          Harm     .   b - +2 cloak "Kehus" {rElec Int+8 SInv}
rCorr   +          Rampage  .   Z - +2 pair of gloves {Str+3}
rMut    +                       (boots unavailable)
Will    +++++                   d - amulet of Vitality {Regen+ HP+15}
Stlth   ..........              h - ring "Epsuus" {rElec rF++ rC+ Str+6 Dex-5}
HPRegen 1.44/turn               m - ring of Xom's Outrage {rN+ Will+++ AC+4 Str-4 Slay+5}
MPRegen 0.29/turn

@: mighty, marked, on blink cooldown, lightly drained, corroded
A: hooves 3, slimy green scales 3, powered by pain 3, robust 3, spiny 3,
deformed body
}: 11/15 runes: decaying, serpentine, slimy, silver, icy, abyssal, demonic,
glowing, magical, fiery, dark
a: Renounce Religion, Recall Undead Harvest


You were on level 7 of the Iron City of Dis.
You worshipped Yredelemnul.
Yredelemnul was exalted by your worship.
You visited 15 branches of the dungeon, and saw 72 of its levels.
You visited Pandemonium 2 times, and saw 27 of its levels.
You visited the Abyss 4 times.
You also visited: Trove.

You collected 14267 gold pieces.
You spent 4703 gold pieces at shops.

Inventory:

Hand Weapons
 e - a +9 demon trident of flaming (weapon)
 q - a +6 demon trident of freezing
 r - the +9 hand crossbow "Sunu" {freeze, rN+ Dex+2}
   (You bought it in a shop on level 2 of the Orcish Mines)

   Any ammunition fired from it freezes those it strikes, dealing additional
   cold damage.
   It can also slow down cold-blooded creatures.
   Dex:       It affects your dexterity (+2).
   rN:        It protects you from negative energy.
Missiles
 F - 4 throwing nets (quivered)
Armour
 b - the +2 cloak "Kehus" (worn) {rElec Int+8 SInv}
   (You acquired it on level 6 of the Dungeon)

   Int:       It affects your intelligence (+8).
   rElec:     It insulates you from electricity.
   SInv:      It lets you see invisible.
 y - +10 pearl dragon scales (worn)
 B - a +8 tower shield of reflection (worn)
 W - the -2 hat of the Alchemist (worn) {rElec rPois rF+ rC+ rN+ Will+ rMut rCorr}
   (You found it on level 3 of the Elven Halls)

   rF:        It protects you from fire.
   rC:        It protects you from cold.
   rElec:     It insulates you from electricity.
   rPois:     It protects you from poison.
   rN:        It protects you from negative energy.
   rCorr:     It protects you from acid and corrosion.
   rMut:      It protects you from mutation.
   Will:      It increases your willpower.
 Z - a +2 pair of gloves of strength (worn)
Jewellery
 a - the amulet of Ephemeral Luck {RegenMP rN+}
   (You found it on level 7 of the Iron City of Dis)

   [amulet of magic regeneration]

   It increases your rate of magic regeneration.
   rN:        It protects you from negative energy.
 d - the amulet of Vitality (around neck) {Regen+ HP+15}
   (You found it on level 7 of the Iron City of Dis)

   [amulet of regeneration]

   HP:        It affects your health (+15).
   Regen:     It increases your rate of health regeneration.
 h - the ring "Epsuus" (left hand) {rElec rF++ rC+ Str+6 Dex-5}
   (You found it in a treasure trove)

   [ring of strength]

   Str:       It affects your strength (+6).
   Dex:       It affects your dexterity (-5).
   rF:        It greatly protects you from fire.
   rC:        It protects you from cold.
   rElec:     It insulates you from electricity.
 m - the ring of Xom's Outrage (right hand) {rN+ Will+++ AC+4 Str-4 Slay+5}
   (You bought it in a shop on level 2 of the Orcish Mines)

   [ring of protection]

   AC:        It affects your AC (+4).
   Str:       It affects your strength (-4).
   Slay:      It affects your accuracy & damage with ranged weapons and melee
   (+5).
   rN:        It protects you from negative energy.
   Will:      It greatly increases your willpower.
 p - the ring "Goschy" {rC+ Slay+4 Stlth+}
   (You found it in Pandemonium)

   [ring of slaying]

   Slay:      It affects your accuracy & damage with ranged weapons and melee
   (+4).
   rC:        It protects you from cold.
   Stlth:     It makes you more stealthy.
 v - an amulet of guardian spirit
 z - the necklace of Bloodlust {*Rage Will++ Int-3 Slay+6}
   (You took it off Antaeus on level 7 of Cocytus)

   [amulet of nothing]

   It extends the wearer's berserk rage when killing foes.
   Int:       It affects your intelligence (-3).
   Slay:      It affects your accuracy & damage with ranged weapons and melee
   (+6).
   *Rage:     It berserks you when you make melee attacks (+50% chance).
   Will:      It greatly increases your willpower.
Wands
 x - a wand of iceblast (68)
 K - a wand of paralysis (34)
 R - a wand of digging (17)
 T - a wand of acid (23)
Scrolls
 f - 23 scrolls of teleportation
 i - 10 scrolls of fog
 o - 3 scrolls of silence
 s - 7 scrolls of magic mapping
 A - 5 scrolls of blinking
 E - 19 scrolls of fear
 U - 6 scrolls of summoning
Potions
 c - a potion of berserk rage
 g - 11 potions of cancellation
 j - 2 potions of mutation
 k - 2 potions of invisibility
 l - 2 potions of ambrosia
 n - 3 potions of haste
 t - 6 potions of brilliance
 u - 27 potions of curing
 w - 5 potions of heal wounds
 C - 2 potions of flight
 D - a potion of resistance
 H - a potion of magic
 P - 5 potions of attraction
 Q - 5 potions of might
Miscellaneous
 G - a condenser vane
 X - a phantom mirror


   Skills:
 O Level 27 Fighting
 O Level 27 Polearms
 - Level 10.0 Crossbows
 - Level 18.5 Armour
 - Level 7.0 Dodging
 - Level 24.0 Shields
 - Level 17.0 Spellcasting
 + Level 22.8 Necromancy
 - Level 8.0 Translocations
 * Level 16.5 Transmutations
 O Level 27 Invocations


You had 13 spell levels left.
You knew the following spells:

 Your Spells              Type           Power      Damage    Failure   Level
a - Apportation           Tloc           88%        N/A       1%          1
b - Blink                 Tloc           88%        N/A       1%          2
c - Sublimation of Blood  Necr           78%        N/A       0%          2
d - Portal Projectile     Hex/Tloc       58%        N/A       9%          3
e - Lesser Beckoning      Tloc           44%        N/A       1%          3
f - Manifold Assault      Tloc           44%        N/A       14%         5
g - Borgnjor's Revivific  Necr           39%        N/A       8%          8
h - Dispersal             Tloc           22%        N/A       63%         6
i - Death's Door          Necr           39%        N/A       77%         9
j - Necromutation         Tmut/Necr      36%        N/A       28%         8

Your spell library contained the following spells:

 Spells                   Type           Power      Damage    Failure   Level
 Animate Skeleton         Necr           100%       N/A       0%          1
 Beastly Appendage        Tmut           100%       N/A       0%          1
 Pain                     Necr           100%       1d9       0%          1
 Vampiric Draining        Necr           78%        2d11      0%          3
 Animate Dead             Necr           39%        N/A       0%          4
 Dispel Undead            Necr           78%        3d26      0%          4
 Sting                    Tmut/Pois      100%       1d8       1%          1
 Corpse Rot               Necr/Air       100%       N/A       1%          2
 Wereblood                Tmut           65%        N/A       1%          2
 Gell's Gravitas          Tloc           44%        N/A       1%          3
 Spider Form              Tmut/Pois      45%        N/A       1%          3
 Teleport Other           Tloc           44%        N/A       1%          3
 Anguish                  Hex/Necr       27%        N/A       1%          4
 Agony                    Necr           78%        N/A       1%          5
 Blade Hands              Tmut           32%        N/A       1%          5
 Excruciating Wounds      Necr           39%        N/A       1%          5
 Borgnjor's Vile Clutch   Necr/Erth      27%        N/A       3%          5
 Ignite Poison            Fire/Tmut/Pois 35%        N/A       4%          3
 Ice Form                 Ice/Tmut       45%        N/A       4%          4
 Petrify                  Tmut/Erth      45%        N/A       4%          4
 Passage of Golubria      Tloc           44%        N/A       5%          4
 Alistair's Intoxication  Tmut/Pois      30%        N/A       13%         5
 Yara's Violent Unravell  Hex/Tmut       22%        3d10      13%         5
 Foxfire                  Conj/Fire      60%        2x1d7     14%         1
 Freeze                   Ice            60%        1d8       14%         1
 Magic Dart               Conj           60%        1d6       14%         1
 Shock                    Conj/Air       60%        1d6       14%         1
 Slow                     Hex            60%        N/A       14%         1
 Summon Small Mammal      Summ           60%        N/A       14%         1
 Simulacrum               Ice/Necr       27%        N/A       21%         6
 Call Imp                 Summ           15%        N/A       22%         2
 Ensorcelled Hibernation  Hex/Ice        30%        N/A       22%         2
 Poisonous Vapours        Pois/Air       30%        N/A       22%         2
 Scorch                   Fire           30%        2d7       22%         2
 Searing Ray              Conj           30%        2d5       22%         2
 Static Discharge         Conj/Air       15%        N/A       22%         2
 Iskenderun's Mystic Bla  Conj/Tloc      29%        2d7       26%         4
 Call Canine Familiar     Summ           15%        N/A       38%         3
 Confusing Touch          Hex            15%        N/A       38%         3
 Conjure Flame            Conj/Fire      15%        6-21      38%         3
 Dazzling Flash           Conj/Hex       30%        N/A       38%         3
 Frozen Ramparts          Ice            30%        1d5       38%         3
 Inner Flame              Hex/Fire       15%        N/A       38%         3
 Mephitic Cloud           Conj/Pois/Air  15%        N/A       38%         3
 Ozocubu's Armour         Ice            15%        N/A       38%         3
 Stone Arrow              Conj/Erth      30%        3d8       38%         3
 Summon Guardian Golem    Hex/Summ       15%        N/A       38%         3
 Tukima's Dance           Hex            15%        N/A       38%         3
 Summon Forest            Summ/Tloc      14%        N/A       58%         5
 Eringya's Noxious Bog    Tmut/Pois      22%        N/A       58%         6
 Statue Form              Tmut/Erth      30%        N/A       58%         6
 Haunt                    Necr/Summ      27%        N/A       73%         7
 Airstrike                Air            7%         N/A       80%         4
 Animate Armour           Summ/Erth      30%        N/A       80%         4
 Cause Fear               Hex            7%         N/A       80%         4
 Flame Wave               Conj/Fire      15%        2d6       80%         4
 Fulminant Prism          Conj/Hex       7%         3d7       80%         4
 Hailstorm                Conj/Ice       15%        3d5       80%         4
 Leda's Liquefaction      Hex/Erth       7%         N/A       80%         4
 Olgreb's Toxic Radiance  Pois           15%        N/A       80%         4
 Sticky Flame             Conj/Fire      15%        2d4       80%         4
 Summon Ice Beast         Ice/Summ       15%        N/A       80%         4
 Summon Lightning Spire   Summ/Air       15%        N/A       80%         4
 Fireball                 Conj/Fire      7%         3d5       98%         5
 Freezing Cloud           Conj/Ice/Air   7%         6-21      98%         5
 Iskenderun's Battlesphe  Conj           15%        2d7       98%         5
 Lee's Rapid Deconstruct  Erth           7%         3d8*      98%         5
 Lightning Bolt           Conj/Air       7%         1d20      98%         5
 Metabolic Englaciation   Hex/Ice        7%         N/A       98%         5
 Silence                  Hex/Air        7%         N/A       98%         5
 Summon Mana Viper        Hex/Summ       15%        N/A       98%         5
 Storm Form               Tmut/Air       22%        N/A       99%         7
 Conjure Ball Lightning   Conj/Air       7%         3x3d6     100%        6
 Iron Shot                Conj/Erth      7%         9d2       100%        6
 Starburst                Conj/Fire      7%         6d4       100%        6
 Summon Cactus Giant      Summ           7%         N/A       100%        6
 Enfeeble                 Hex            7%         N/A       100%        7
 Malign Gateway           Summ/Tloc      14%        N/A       100%        7
 Monstrous Menagerie      Summ           7%         N/A       100%        7
 Orb of Destruction       Conj           7%         9d6       100%        7
 Ozocubu's Refrigeration  Ice            7%         4d6       100%        7
 Summon Hydra             Summ           7%         N/A       100%        7
 Discord                  Hex            7%         N/A       100%        8
 Disjunction              Tloc           22%        N/A       100%        8
 Ignition                 Fire           7%         3d5       100%        8
 Lehudib's Crystal Spear  Conj/Erth      7%         10d3      100%        8
 Maxwell's Capacitive Co  Air            7%         ∞         100%        8
 Summon Horrible Things   Summ           7%         N/A       100%        8
 Chain Lightning          Conj/Air       7%         3d10      100%        9
 Fire Storm               Conj/Fire      7%         8d2       100%        9
 Polar Vortex             Ice            7%         N/A       100%        9
 Shatter                  Erth           7%         3d10*     100%        9
 Death Channel            Necr           Unusable   N/A       N/A         6

Dungeon Overview and Level Annotations

Branches:
Dungeon (15/15)            Temple (1/1) D:5            Lair (6/6) D:8
  Swamp (4/4) Lair:4        Snake (4/4) Lair:4        Slime (5/5) Lair:6
    Orc (2/2) D:9             Elf (3/3) Orc:2        Vaults (5/5) D:13
  Crypt (3/3) Vaults:2       Tomb (0/3) Crypt:3      Depths (4/4) D:15
   Hell (visited)             Dis (7/7) Hell            Geh (0/7) Hell
    Coc (7/7) Hell            Tar (0/7) Hell            Zot (5/5) Depths:4

Altars:
Ashenzari
Cheibriados
Dithmenos
Elyvilon
Fedhas
Gozag
Hepliaklqana
Kikubaaqudgha
Makhleb
Nemelex Xobeh
Okawaru
Qazlal
Ru
Sif Muna
Trog
Uskayaw
Vehumet
Wu Jian
Xom
Yredelemnul
Zin
The Shining One

Shops:
D:2 [   D:4 (   D:6 *   D:8 *   D:10 [   D:13 [   Orc:2 :(=[*   Elf:1 (
Elf:3 !(?   Snake:1 :   Vaults:2 :   Depths:1 :=   Depths:2 [

Portals:
Hell: Depths:1 Depths:2 Depths:3 Depths:4
Abyss: Depths:2 Depths:3 Depths:4
Pandemonium: Depths:2
Ziggurat: Depths:3


Innate Abilities, Weirdness & Mutations

You have hooves in place of feet.
You are completely covered in slimy green scales. (AC +4, rPois)
You are powered by pain.
You are extremely robust. (+30% HP)
You are completely covered in sharp spines.
Armour fits poorly on your strangely shaped body.


Message History

The Hell Sentinel is heavily wounded.
The Hell Sentinel gestures at you.
The sphere of damnation explodes!
The damnation engulfs you!!
* * * LOW HITPOINT WARNING * * *
The damnation engulfs the Hell Sentinel.
The Hell Sentinel completely resists.
You hit the Hell Sentinel.
You kick the Hell Sentinel, but do no damage.
The Hell Sentinel is heavily wounded.
Unknown command.
You impale the Hell Sentinel!!
You kick the Hell Sentinel, but do no damage.
The Hell Sentinel is severely wounded.
The Hell Sentinel gestures at you.
The sphere of damnation explodes!
The damnation engulfs you!!
* * * LOW HITPOINT WARNING * * *
The damnation engulfs the Hell Sentinel.
The Hell Sentinel completely resists.
You feel much better.
You feel much better. The Hell Sentinel hits you.
* * * LOW HITPOINT WARNING * * *
The Hell Sentinel hits you!
* * * LOW HITPOINT WARNING * * *
You block the Hell Sentinel's attack. x2
Okay, then.
The Hell Sentinel gestures at you.
The sphere of damnation explodes!
The damnation engulfs you!!!
* * * LOW HITPOINT WARNING * * *
You focus on the pain.
You feel mightier all of a sudden.
The damnation engulfs the Hell Sentinel.
The Hell Sentinel completely resists.
Okay, then.
Casting: Blink (safe; 1% risk of failure)
Confirm with . or Enter, or press ? or * to list all spells.
You blink.
The Hell Sentinel gestures at you. The iron shot hits you!!!
You die...
Your body rises from the dead as a mindless zombie.

...'').......#)....#
...')........#######
...##............9.#
#.####.........#'###
#..##.......11.#11.#
#..##.........9#.§.#
#.####.........#...#
*,***#.###'##..#...#
*,,**..#...,#..#@..#
*,,**..#..,,##'#####
*,***#.#..,,*...,,,*
,,****,#.,,,*,...,,*
,,,**,,#.,,,*,....,*
********************


You could see an iron golem and 2 Hell Sentinels.

Vanquished Creatures
  Antaeus (Coc:7)
  the Royal Jelly (Slime:5)
  Gloorx Vloq (Pan)
  A seraph (Pan)
  Lom Lobon (Pan)
  4 orbs of fire
  5 dread liches
  8 ancient liches
  A juggernaut (Dis:7)
  6 shard shrikes
  Saint Roka (Snake:4)
  3 Killer Klowns (Zot:5)
  3 golden dragons
  6 caustic shrikes
  Geryon (Hell)
  A profane servitor (Abyss:5)
  3 electric golems
  2 bone dragons
  2 pearl dragons (Pan)
  9 iron giants
  7 Brimstone Fiends (Pan)
  Jorgrun (Elf:1)
  3 Tzitzimimeh (Pan)
  The ghost of Nigaic the Wrestler, a veteran VSFi of Gozag (Depths:2)
  7 Ice Fiends
  2 titans
  12 tentacled monstrosities
  16 Hell Sentinels
  8 Orb Guardians (Zot:5)
  2 quicksilver dragons
  10 pandemonium lords (Pan)
  4 deep elf master archers
  21 Executioners (Pan)
  9 liches
  6 acid blobs
  3 death cobs
  3 tentacled starspawn (Abyss:5)
  An eldritch tentacle (Pan)
  A thorn hunter (Swamp:4)
  The ghost of ouz the Spry, an adept OpBr of Gozag (Swamp:3)
  2 tengu reavers (Vaults:5)
  3 sphinxes
  22 ancient champions
  The ghost of Qojoc the Quickloader, an adept GnHu of Dithmenos (Snake:2)
  Kirke (Snake:4)
  4 shadow dragons
  3 storm dragons
  4 nagarajas (Snake:4)
  5 demonspawn warmongers (Pan)
  A fenstrider witch (Swamp:2)
  2 draconian monks (Zot:3)
  5 draconian knights
  7 narguns
  9 daevas (Pan)
  A revenant (Crypt:2)
  3 rockslimes
  7 azure jellies
  2 fire giants (Depths:3)
  7 quicksilver elementals
  8 frost giants
  6 deep elf sorcerers (Elf:3)
  The ghost of Helaemn the Devastator, an adept TeAE of Vehumet (Depths:2)
  21 balrugs (Pan)
  2 orc warlords
  25 cacodemons
  18 vault wardens
  A ghost moth (Zot:1)
  2 draconian shifters (Zot:3)
  A draconian scorcher (Zot:1)
  2 curse skulls
  3 deep elf elementalists (Elf:3)
  16 angels (Pan)
  2 ghouls (Swamp:2)
  Louise (D:15)
  3 shard shrike simulacra
  2 spriggan defenders (Depths:3)
  13 demonspawn blood saints (Pan)
  2 draconian annihilators
  6 demonspawn corrupters (Pan)
  12 ophanim
  13 ironbound preservers
  24 war gargoyles
  2 juggernaut zombies
  4 ironbound thunderhulks
  2 quicksilver oozes (Slime:5)
  3 stone giants
  3 eleionomae (Swamp:2)
  22 apis (Pan)
  6 green draconians
  12 very ugly things
  12 elemental wellsprings
  9 demonspawn black suns (Pan)
  2 deep elf demonologists (Elf:3)
  6 white draconians
  25 reapers
  A vampire knight (Hell)
  2 red draconians
  3 entropy weavers
  8 black draconians
  25 lorocyprocas
  12 deep elf annihilators
  2 purple draconians (Zot:3)
  7 wendigos
  2 bunyips
  4 yellow draconians
  16 dire elephants
  4 eidola
  A crystal guardian (Hell)
  A spark wasp (Depths:3)
  2 deep elf death magi
  13 iron golems
  9 ettins
  30 blizzard demons
  An ettin (shapeshifter) (D:15)
  12 green deaths (Pan)
  11 great orbs of eyes
  3 fire dragons
  3 deep elf high priests (Elf:3)
  8 yaktaur captains
  The ghost of nogo the Marksminotaur, a journeyman MiHu of Okawaru (D:10)
  11 jiangshi
  6 ice dragons
  2 shambling mangroves
  12 naga warriors
  Fannar (D:10)
  Harold (D:9)
  27 vault guards
  3 juggernaut simulacra
  4 ghost crabs
  2 peacekeepers
  8 ironbound frosthearts
  3 rakshasas
  A spriggan air mage (Depths:3)
  2 spriggan skeletons
  7 caustic shrike simulacra
  5 ogre magi
  9 hell beasts
  7 boulder beetles
  17 hydras
  2 death knights
  13 anacondas
  4 two-headed ogres
  24 dancing weapons
  8 alligators
  An anaconda (shapeshifter) (Vaults:5)
  12 centaur warriors
  3 tengu warriors
  6 vampire magi
  The ghost of raistware the Frost Mage, a journeyman HuIE of Hepliaklqana (D:10)
  The ghost of Aksej the Slicer, a novice DsGl of Qazlal (D:10)
  A death scarab (Depths:3)
  2 orc high priests (Orc:2)
  2 deep troll earth magi
  6 death yaks
  6 hell knights
  4 hell hogs
  2 spriggan berserkers
  10 naga sharpshooters
  4 shock serpents
  The ghost of Peren the Unseen, a journeyman SpEn of Dithmenos (D:10)
  Nergalle (Lair:2)
  11 deep elf knights
  8 crystal echidnas
  55 soul eaters
  5 shadow wraiths
  8 skeletal warriors
  6 wretched stars
  72 sun demons
  5 quicksilver dragon simulacra
  4 goliath frogs
  A spatial maelstrom (Abyss:5)
  A death drake (Swamp:1)
  7 iron trolls
  33 sixfirhies (Pan)
  An anaconda zombie (Hell)
  3 spriggan druids
  5 flayed ghosts
  18 shadow demons (Pan)
  A storm dragon skeleton (Crypt:1)
  8 cherubim (Pan)
  A spectral death yak (Lair:4)
  7 spriggan riders
  5 glowing orange brains
  A bunyip zombie (Crypt:3)
  43 deep trolls
  A kraken simulacrum (Coc:7)
  A naga ritualist (Snake:4)
  7 deep elf archers
  7 bog bodies
  11 ironbound convokers
  4 spriggan simulacra
  8 swamp dragons
  An anaconda skeleton (Crypt:3)
  A bunyip skeleton (Pan)
  2 orange crystal statues (Hell)
  12 phantasmal warriors
  9 wizards
  2 necromancers
  21 deep elf pyromancers
  17 lindwurms
  5 orc knights
  22 deep elf zephyrmancers
  9 harpies (Vaults:1)
  40 ugly things
  8 orc sorcerers
  10 mana vipers
  A wolf spider (D:15)
  3 manticores
  3 will-o-the-wisps
  A shining eye (Pan)
  4 elephants (Lair:2)
  4 cyclopes
  A toenail golem (Pan)
  9 salamanders
  A worldbinder (Abyss:5)
  10 vault sentinels
  95 smoke demons
  2 iron dragon skeletons (Pan)
  16 black mambas
  2 eyes of devastation
  3 ice statues
  5 rust devils
  3 titan simulacra
  2 dire elephant zombies
  7 guardian serpents
  5 cane toads
  A spectral soul eater (Pan)
  16 moths of wrath
  17 naga magi
  4 molten gargoyles (Hell)
  24 orange demons (Pan)
  An eleionoma skeleton (Crypt:1)
  A spectral slime creature (Slime:5)
  4 unseen horrors
  15 hellions
  A dire elephant skeleton (Crypt:1)
  5 gargoyles
  31 yaktaurs
  2 ice devils (Pan)
  A centaur skeleton (Crypt:3)
  33 demonic crawlers
  3 efreet
  A kobold demonologist (D:13)
  A minotaur zombie (Crypt:1)
  3 rime drakes
  3 sea snake zombies
  3 bunyip simulacra (Coc:2)
  A tengu conjurer (D:14)
  An anaconda simulacrum (Coc:3)
  5 ancient zymes (Abyss:5)
  38 hellwings
  4 komodo dragons
  2 golden dragon simulacra
  2 sea snake skeletons (Hell)
  2 guardian mummies (Crypt:1)
  11 red devils
  2 human zombies
  A troll (shapeshifter) (Elf:2)
  9 freezing wraiths
  3 trolls
  3 queen bees (shapeshifter)
  A harpy zombie (Abyss:2)
  10 tormentors
  A hydra zombie (Hell)
  2 shadow dragon simulacra (Coc:1)
  A polar bear (Lair:3)
  A hornet (shapeshifter) (D:10)
  7 blink frogs
  A tarantella (Vaults:1)
  3 iron dragon simulacra
  14 hornets
  52 slime creatures
  6 tyrant leeches
  5 stone giant simulacra
  5 dream sheep
  3 hydra skeletons (Hell)
  8 raiju
  41 ynoxinuls
  2 air elementals (Elf:1)
  9 shadows
  3 wyverns
  3 vampires (Crypt:3)
  2 dire elephant simulacra
  4 wraiths
  A water elemental (Hell)
  5 fire bats (Abyss:5)
  31 neqoxecs
  10 spriggans
  19 yaks
  An alligator snapping turtle simulacrum (Coc:2)
  52 large abominations
  2 fire elementals (Elf:2)
  A spectral komodo dragon (Lair:4)
  5 golden eyes (Pan)
  6 redbacks
  A steam dragon (D:9)
  2 basilisks
  63 chaos spawn
  A vampire mosquito (Swamp:2)
  Menkaure (D:4)
  2 wargs (D:15)
  9 water moccasins
  8 harpy simulacra
  48 nagas
  13 swamp worms
  4 acid dragons
  A deep troll zombie (Vaults:5)
  4 hydra simulacra
  A floating eye (Pan)
  12 hell hounds
  19 orc warriors
  4 swamp drakes
  An ice beast (D:6)
  4 sky beasts
  8 starcursed masses (Abyss:5)
  5 ettin simulacra
  A black bear (D:4)
  5 boggarts (Vaults:1)
  8 centaurs
  10 wolves
  4 ogres
  A lemure (D:4)
  2 phantoms
  A kobold brigand (D:7)
  3 earth elementals
  10 bullfrogs
  A gnoll sergeant (D:7)
  A necrophage (D:6)
  2 scorpions
  4 naga simulacra
  A draconian skeleton (Crypt:2)
  6 small abominations
  12 wights
  10 killer bees (D:9)
  5 howler monkeys
  4 lava snakes (Lair:6)
  4 crimson imps (Pan)
  A quasit (Abyss:1)
  7 hounds
  2 jellies
  A spectral boggart (Vaults:1)
  A gnoll shaman (D:6)
  5 orc priests
  Jessica (D:2)
  3 iguanas
  4 hell rats (D:8)
  18 orc wizards
  8 ogre zombies (D:9)
  A hound skeleton (Crypt:1)
  A mummy (Crypt:1)
  9 adders
  9 gnolls
  A river rat (D:8)
  A white imp (D:5)
  3 ufetubi
  An adder skeleton (Crypt:1)
  3 worms
  2 dart slugs
  56 orcs
  A bat skeleton (Crypt:1)
  7 endoplasms
  2 giant cockroaches (D:1)
  7 goblins
  6 hobgoblins
  3 jackals (D:2)
  3 quokkas (D:8)
  8 ball pythons
  A bat (D:2)
  A frilled lizard (D:1)
  A gnoll zombie (D:2)
  3 goblin skeletons (D:9)
  2 goblin zombies (D:9)
  5 hobgoblin skeletons
  4 hobgoblin zombies (D:9)
  16 kobolds
  3 orc skeletons (D:9)
  8 orc zombies (D:9)
  A quokka zombie (Crypt:2)
  6 rats
  A ball lightning (Pan)
  A briar patch (Swamp:2)
  4 fire vortices (Pan)
  A plant (Lair:6)
  5 starspawn tentacles (Abyss:5)
2781 creatures vanquished.

Vanquished Creatures (collateral kills)
  An orb of fire (Zot:5)
  4 dread liches
  An ancient lich (Coc:6)
  9 pandemonium lords (Pan)
  The ghost of Amohu the Conqueror, a veteran MiBe of Trog (Depths:2)
  2 juggernauts (Depths:4)
  Vv (Crypt:3)
  Josephina (Crypt:1)
  Margery (Depths:4)
  Frederick (Depths:4)
  Bai Suzhen (Depths:2)
  5 shard shrikes
  2 caustic shrikes (Dis:7)
  Nikola (Depths:2)
  4 golden dragons
  A Tzitzimitl (Pan)
  A bone dragon (Depths:2)
  An electric golem (Zot:1)
  An iron giant (Dis:3)
  8 tentacled monstrosities
  4 Brimstone Fiends (Pan)
  6 Hell Sentinels
  4 liches
  2 Orb Guardians (Zot:5)
  A deep elf blademaster (Elf:3)
  15 Ice Fiends
  7 titans
  12 acid blobs
  3 quicksilver dragons
  A deep elf master archer (Depths:2)
  2 eldritch tentacles (Pan)
  16 Executioners (Pan)
  2 death cobs
  2 sphinxes (Vaults:5)
  3 ancient champions
  A tentacled starspawn (Abyss:3)
  4 storm dragons
  2 thorn hunters (Swamp:2)
  2 tengu reavers (Vaults:5)
  Donald (Swamp:3)
  2 shadow dragons
  3 revenants (Depths:3)
  A fenstrider witch (Swamp:1)
  10 azure jellies
  14 narguns
  8 demonspawn warmongers (Pan)
  6 nagarajas
  3 frost giants
  5 rockslimes
  6 draconian monks
  An emperor scorpion (shapeshifter) (Vaults:5)
  4 daevas (Pan)
  4 draconian knights
  2 fire giants
  An azure jelly (shapeshifter) (Vaults:5)
  2 deep elf sorcerers
  A draconian scorcher (Depths:4)
  6 vault wardens
  A curse skull (Pan)
  6 shard shrike simulacra
  17 balrugs
  3 angels (Pan)
  9 ironbound preservers
  10 very ugly things
  12 cacodemons (Pan)
  12 demonspawn corrupters (Pan)
  8 demonspawn blood saints (Pan)
  2 draconian stormcallers (Zot:3)
  13 reapers
  7 quicksilver oozes
  2 spriggan defenders (Depths:3)
  6 stone giants
  3 caustic shrike skeletons
  4 ophanim (Pan)
  2 green draconians (Zot:3)
  2 war gargoyles
  5 draconian annihilators
  A juggernaut skeleton (Pan)
  14 elemental wellsprings
  4 eleionomae
  5 apis (Pan)
  9 black draconians
  8 demonspawn black suns (Pan)
  2 deep elf annihilators
  The ghost of lennort the Warrior, a journeyman MiBe of Trog (Lair:4)
  A spark wasp (Depths:3)
  6 yellow draconians
  18 wendigos
  3 purple draconians
  4 red draconians
  5 white draconians
  4 vampire knights
  7 dire elephants
  8 lorocyprocas (Pan)
  2 deep elf death magi (Elf:3)
  3 eidola
  7 green deaths (Pan)
  14 blizzard demons
  Snorg (Lair:5)
  2 ettins (Depths:3)
  5 jiangshi
  4 fire dragons
  2 shambling mangroves (Swamp:3)
  10 vault guards
  5 yaktaur captains
  7 rakshasas
  2 hell beasts
  3 great orbs of eyes
  A quicksilver dragon skeleton (Crypt:2)
  2 salamander tyrants
  7 ice dragons
  8 juggernaut simulacra
  6 naga warriors
  A centaur warrior (Vaults:3)
  4 caustic shrike simulacra
  8 hydras
  5 spriggan air magi
  A death knight (Crypt:2)
  3 anacondas
  Erica (Lair:2)
  An anaconda (shapeshifter) (Abyss:5)
  An ironbound frostheart (Vaults:3)
  2 tengu warriors
  4 dancing weapons
  3 death scarabs (Depths:3)
  2 alligators (Swamp:1)
  2 hell hogs (Hell)
  3 death yaks
  4 vampire magi
  4 deep troll shamans
  4 deep troll earth magi
  2 orc high priests (Orc:2)
  A thrashing horror (Abyss:5)
  23 soul eaters
  A spectral Executioner (Pan)
  2 shock serpents (Snake:4)
  5 naga sharpshooters
  A spectral sixfirhy (Pan)
  43 sun demons (Pan)
  6 hell knights
  3 spriggan berserkers
  A storm dragon zombie (Crypt:3)
  2 deep elf knights
  A fire crab (Lair:4)
  4 skeletal warriors
  2 iron trolls
  A golden dragon zombie (Crypt:3)
  9 sixfirhies (Pan)
  6 shadow wraiths
  A goliath frog (Swamp:4)
  3 cherubim (Pan)
  A quicksilver dragon simulacrum (Coc:7)
  A spriggan rider (Depths:2)
  6 glowing orange brains
  7 shadow demons (Pan)
  3 flayed ghosts
  4 swamp dragons
  2 spriggan druids
  4 deep elf archers
  A naga ritualist (Snake:4)
  24 deep trolls
  A wizard (Pan)
  An orange crystal statue (Depths:3)
  4 spriggan simulacra
  3 bog bodies
  8 deep elf pyromancers
  Pikel (D:4)
  A necromancer (Vaults:3)
  8 lindwurms
  A wolf spider (shapeshifter) (Vaults:5)
  5 ironbound convokers
  2 orc sorcerers
  10 deep elf zephyrmancers
  2 harpies (Vaults:1)
  4 orc knights
  3 mana vipers
  10 phantasmal warriors
  15 ugly things
  A worldbinder (Abyss:5)
  3 oklob plants (Lair:6)
  A spectral blizzard demon (Pan)
  A will-o-the-wisp (Swamp:4)
  2 manticores (shapeshifter) (Depths:4)
  A wolf spider (Vaults:5)
  2 shining eyes
  A cyclops (D:14)
  9 moths of wrath
  10 black mambas
  An elephant (Lair:2)
  A salamander (Snake:4)
  A torpor snail (Lair:5)
  An alligator snapping turtle zombie (Crypt:3)
  A guardian serpent (Snake:2)
  8 ice statues
  2 rust devils (Pan)
  2 molten gargoyles (Lair:6)
  2 titan simulacra (Coc:7)
  6 naga magi
  An apocalypse crab (Abyss:5)
  A cane toad (shapeshifter) (Vaults:5)
  2 cane toads
  36 smoke demons
  5 vault sentinels
  A gargoyle (Crypt:3)
  A centaur skeleton (Pan)
  15 orange demons (Pan)
  5 hellions
  8 komodo dragons
  A redback zombie (Crypt:2)
  8 yaktaurs
  A golden dragon simulacrum (Crypt:1)
  9 hellwings (Pan)
  2 efreet (Pan)
  4 freezing wraiths
  13 demonic crawlers (Pan)
  7 tormentors
  3 ice devils (Pan)
  2 rime drakes (Lair:5)
  A guardian mummy (Vaults:2)
  4 red devils
  2 spectral shadow demons (Pan)
  An ancient zyme (Abyss:5)
  An iron giant simulacrum (Coc:7)
  A meliai (shapeshifter) (Vaults:5)
  2 trolls (Vaults:5)
  9 hornets
  A polar bear (Lair:4)
  3 tyrant leeches
  A snapping turtle (shapeshifter) (Vaults:5)
  42 slime creatures
  5 blink frogs
  7 dream sheep
  A human simulacrum (Vaults:4)
  26 large abominations
  2 stone giant simulacra
  2 iron dragon simulacra (Coc:7)
  6 spriggans
  A wyvern (D:7)
  16 ynoxinuls (Pan)
  5 dire elephant simulacra
  5 wraiths
  A vampire (Crypt:3)
  A fire bat (Abyss:5)
  A spectral rust devil (Pan)
  A water elemental (Depths:1)
  13 yaks
  2 basilisks (Lair:6)
  22 neqoxecs
  A fire dragon skeleton (Pan)
  3 hogs (Snake:4)
  18 chaos spawn
  3 redbacks (Depths:1)
  A steam dragon (Lair:6)
  A vampire mosquito (Swamp:2)
  2 swamp worms (Swamp:3)
  2 harpy simulacra
  An acid dragon (D:11)
  26 nagas
  3 water moccasins
  A hydra simulacrum (Lair:4)
  3 hell hounds (Hell)
  14 orc warriors
  An ettin simulacrum (Coc:7)
  A swamp drake (Swamp:1)
  A black mamba simulacrum (Lair:4)
  2 ogres
  4 human skeletons
  3 wolves
  A spectral neqoxec (Pan)
  An earth elemental (Elf:1)
  2 bullfrogs
  11 naga simulacra
  2 wights
  A dream sheep simulacrum (Lair:4)
  2 crimson imps (Pan)
  A lava snake (Lair:6)
  2 human zombies (Crypt:1)
  4 orc priests
  Crazy Yiuf (D:4)
  A hound (D:4)
  3 jellies
  6 orc wizards
  2 iguanas (D:4)
  3 mummies (Crypt:1)
  2 gnolls
  An adder (D:2)
  A white imp (D:5)
  15 orcs
  A bat (D:1)
  A jackal (D:2)
  A quokka (D:1)
  2 frilled lizards (D:1)
  4 kobolds
  An orc zombie (D:9)
  A quokka zombie (Crypt:2)
  A rat (D:1)
  A fire vortex (Pan)
  A plant (Lair:6)
1366 creatures vanquished.

Vanquished Creatures (others)
  spectral Cerebov (Coc:7)
  A Tzitzimitl (Pan)
  2 shard shrike zombies (Coc:6)
  A pandemonium lord (Pan)
  4 spectral angels
  An eldritch tentacle (Pan)
  A titan (Pan)
  spectral Mnoleg (Pan)
  A demonspawn warmonger (Pan)
  4 spectral
  Brimstone Fiends (Pan)
  A spectral elf (Elf:3)
  A deep elf sorcerer (Elf:3)
  3 shard shrike simulacra (Coc:7)
  4 spectral tentacled monstrosities
  2 balrugs (Pan)
  A juggernaut zombie (Dis:7)
  3 demonspawn blood saints (Pan)
  2 reapers (Pan)
  A spectral golden dragon (Zot:5)
  8 spectral balrugs (Pan)
  A deep elf demonologist (Elf:3)
  5 spectral Hell Sentinels
  2 wendigos
  A spectral demonspawn (Pan)
  A green death (Pan)
  A spectral acid blob (Depths:3)
  2 blizzard demons (Pan)
  4 very ugly thing zombies
  3 spectral humans
  3 spectral
  Ice Fiends (Coc:7)
  A hell beast (Pan)
  3 caustic shrike simulacra
  A juggernaut simulacrum (Coc:2)
  3 spectral azure jellies (Coc:7)
  8 spectral
  Executioners (Pan)
  3 spectral hydras
  9 spectral sixfirhies (Pan)
  2 spectral ophans (Pan)
  5 spectral wendigos
  2 deep elf knights
  3 storm dragon zombies
  A soul eater (Pan)
  8 spectral reapers
  A bunyip zombie (Swamp:1)
  A sixfirhy (Pan)
  5 spectral lorocyprocas (Pan)
  3 spectral daevas (Pan)
  An entropy weaver zombie (Vaults:1)
  2 iron giant zombies
  6 anaconda zombies
  A cherub (Pan)
  3 spriggan simulacra
  A quicksilver dragon simulacrum (Coc:2)
  2 shadow dragon zombies
  A shadow demon (Pan)
  A wizard (Vaults:4)
  5 spectral cacodemons (Pan)
  4 ugly thing zombies
  A stone giant zombie (Vaults:5)
  2 goliath frog zombies
  An ugly thing (Depths:3)
  8 spectral blizzard demons
  4 frost giant zombies
  A hell hog zombie (Hell)
  A will-o-the-wisp (Swamp:3)
  4 draconian zombies
  A death scarab zombie (Depths:3)
  6 apis zombies (Pan)
  2 eleionoma zombies
  A spectral glowing orange brain (Vaults:2)
  A spectral rakshasa (Pan)
  8 spectral soul eaters
  9 centaur zombies
  A dire elephant zombie (Vaults:2)
  9 demonspawn zombies (Pan)
  A black mamba (Snake:2)
  2 spectral nagas (Snake:4)
  5 smoke demons
  7 spectral slime creatures
  A ghoul zombie (Swamp:2)
  23 spectral sun demons
  A white draconian zombie (Zot:3)
  2 demonic crawlers (Pan)
  A yellow draconian zombie (Zot:3)
  A spectral swamp dragon (Swamp:2)
  A red draconian zombie (Zot:1)
  A redback zombie (Vaults:1)
  2 death yak zombies (D:8)
  A tormentor (Dis:5)
  An iron giant simulacrum (Coc:2)
  2 swamp worm zombies (Swamp:2)
  A hellwing (Pan)
  2 purple draconian zombies (Zot:3)
  A spectral mana viper (Snake:2)
  An anaconda simulacrum (Coc:6)
  3 spectral shadow demons (Pan)
  3 harpy zombies (Vaults:1)
  8 demonic crawler zombies (Pan)
  A hydra zombie (Swamp:3)
  5 bloated husks
  A shadow dragon simulacrum (Crypt:1)
  A fire dragon zombie (Depths:3)
  4 moth of wrath zombies
  3 spectral cherubs (Pan)
  An ettin zombie (Depths:3)
  An alligator zombie (Swamp:2)
  3 guardian serpent zombies
  6 black mamba zombies
  3 ice dragon zombies
  2 ynoxinuls (Pan)
  4 spectral hell beasts
  A spectral rust devil (Hell)
  8 spriggan zombies
  6 chaos spawn
  2 tyrant leech zombies
  5 spectral tormentors
  A neqoxec (Pan)
  12 spectral orange demons (Pan)
  2 tengu zombies (D:14)
  A swamp worm (Swamp:3)
  2 spectral fire bats (Abyss:5)
  A harpy simulacrum (Coc:7)
  10 deep troll zombies
  A bog body zombie (Swamp:2)
  A cane toad zombie (Vaults:5)
  4 spectral hellions
  9 spectral hellwings
  A hydra simulacrum (Coc:2)
  28 spectral smoke demons
  4 spectral red devils
  A hell hound (Lair:6)
  An elephant zombie (Lair:2)
  2 lindwurm zombies
  A ghost crab zombie (Swamp:3)
  7 hornet zombies
  A spectral eye of devastation (Abyss:5)
  A swamp dragon zombie (Swamp:4)
  19 elf zombies
  2 ettin simulacra (Coc:2)
  A vampire mosquito zombie (Swamp:2)
  15 spectral ynoxinuls (Pan)
  7 yaktaur zombies
  16 spectral chaos spawn
  6 spectral neqoxecs
  A small abomination (Abyss:5)
  3 salamander zombies
  2 wyvern zombies
  A water moccasin zombie (Lair:4)
  6 hell hound zombies
  3 naga simulacra
  24 naga zombies
  2 queen bee zombies
  A yak zombie (D:12)
  2 troll zombies
  3 bullfrog zombies
  A spectral boggart (Vaults:1)
  A black bear zombie (D:4)
  A scorpion zombie (D:4)
  An orc wizard (D:10)
  3 killer bee zombies (D:9)
  4 ogre zombies
  2 hound zombies
  2 spectral crimson imps (Pan)
  2 hell rat zombies (D:8)
  A howler monkey zombie (D:8)
  2 spectral jellies
  An iguana zombie (D:4)
  3 adder zombies
  A bat zombie (D:1)
  A gnoll zombie (D:7)
  2 ball python zombies (D:2)
  A goblin zombie (D:4)
  A hobgoblin zombie (D:4)
  16 human zombies
  2 jackal zombies (D:2)
  4 kobold zombies
  32 orc zombies
  A quokka zombie (D:8)
  2 rat zombies (D:2)
  3 spectral endoplasms
  A spectral ufetubus (D:5)
  28 ball lightnings (Pan)
  A block of ice (Pan)
  2 briar patches (Swamp:2)
  25 fire vortices
  20 foxfires
  40 fungi
  50 plants
  12 starspawn tentacles
  26 withered plants
840 creatures vanquished.

Grand Total: 4987 creatures vanquished

Notes
Turn   | Place    | Note
-------+----------+-------------------------------------------
     0 | D:1      | Bnni the Demonspawn Fighter began the quest for the Orb.
     0 | D:1      | Reached XP level 1. HP: 18/18 MP: 1/1
   200 | D:1      | Found a faded altar of an unknown god.
   204 | D:1      | Prayed at the altar of an unknown god.
   204 | D:1      | Became a worshipper of Yredelemnul the Dark
   204 | D:1      | Reached * piety under Yredelemnul
   275 | D:1      | Gained mutation: You are partially covered in sharp spines.
                  | [demonic ancestry]
   275 | D:1      | Reached XP level 2. HP: 24/24 MP: 2/2
   304 | D:1      | Reached ** piety under Yredelemnul
   808 | D:1      | Reached XP level 3. HP: 29/29 MP: 3/3
   935 | D:2      | Found Devushu's Armour Shop.
   978 | D:2      | Noticed Jessica
   982 | D:2      | Killed Jessica
  1097 | D:2      | Gained mutation: You sometimes gain a little power by
                  | taking damage. [demonic ancestry]
  1097 | D:2      | Reached XP level 4. HP: 37/37 MP: 4/4
  1193 | D:2      | Your ally Jessica died
  1404 | D:2      | Gained mutation: You are partially covered in slimy green
                  | scales. (AC +2) [demonic ancestry]
  1404 | D:2      | Reached XP level 5. HP: 42/42 MP: 5/5
  2659 | D:4      | Found Sydasoc's Antique Weapon Shop.
  2695 | D:4      | Gained mutation: You sometimes gain power by taking damage.
                  | [demonic ancestry]
  2695 | D:4      | Reached XP level 6. HP: 34/49 MP: 6/6
  2701 | D:4      | Reached skill level 5 in Polearms
  2841 | D:4      | Reached skill level 5 in Fighting
  3065 | D:4      | Noticed Menkaure
  3078 | D:4      | Killed Menkaure
  3079 | D:4      | Gained mutation: You are mostly covered in sharp spines.
                  | [demonic ancestry]
  3079 | D:4      | Reached XP level 7. HP: 56/56 MP: 7/7
  3292 | D:4      | Noticed Pikel
  3310 | D:4      | Killed Pikel
  3311 | D:4      | Reached XP level 8. HP: 63/65 MP: 8/8
  3370 | D:4      | Found a runed translucent door.
  3371 | D:4      | Noticed Crazy Yiuf
  3408 | D:4      | Killed Crazy Yiuf
  3627 | D:5      | Entered Level 5 of the Dungeon
  3627 | D:5      | Noticed a two-headed ogre
  3648 | D:5      | Killed a two-headed ogre
  3665 | D:5      | Found a broken altar of Ashenzari.
  3811 | D:5      | Found a staircase to the Ecumenical Temple.
  3866 | D:5      | Gained mutation: You are mostly covered in slimy green
                  | scales. (AC +3) [demonic ancestry]
  3866 | D:5      | Reached XP level 9. HP: 72/72 MP: 9/9
  4000 | D:5      | Reached *** piety under Yredelemnul
  4440 | D:5      | Reached **** piety under Yredelemnul
  4713 | Temple   | Entered the Ecumenical Temple
  5245 | D:6      | Identified a scroll of acquirement
  5245 | D:6      | Acquired the +2 cloak "Kehus" {rElec Int+8 SInv}
  5509 | D:6      | Found Cocwymi's General Store.
  5517 | D:6      | Bought a potion of flight for 39 gold pieces
  5517 | D:6      | Bought a scroll of magic mapping for 45 gold pieces
  5575 | D:6      | Reached skill level 10 in Polearms
  5647 | D:6      | Identified the +7 chain mail of the Eternal Void {Regen+
                  | Int-5 Dex+5}
  6269 | D:7      | Gained mutation: You are completely covered in slimy green
                  | scales. (AC +4, rPois) [demonic ancestry]
  6269 | D:7      | Reached XP level 10. HP: 82/82 MP: 10/10
  6657 | D:8      | Noticed a death yak
  6660 | D:8      | Noticed a death yak
  6710 | D:8      | Found Zoimichi's Demolitions Depot.
  6799 | D:8      | Noticed a death yak
  6833 | D:8      | Killed a death yak
  6839 | D:8      | Killed a death yak
  6851 | D:8      | Killed a death yak
  7241 | D:8      | Found a staircase to the Lair.
  7366 | D:8      | Found a burning altar of Makhleb.
  7369 | D:8      | Found a hazy altar of Hepliaklqana.
  7372 | D:8      | Found a blossoming altar of Fedhas.
  7386 | D:8      | Found a hide-covered altar of Uskayaw.
  7471 | D:8      | Noticed a two-headed ogre
  7480 | D:8      | Killed a two-headed ogre
  7481 | D:8      | Reached skill level 10 in Fighting
  7821 | D:9      | Reached skill level 5 in Invocations
  7833 | D:9      | Reached XP level 11. HP: 87/90 MP: 14/14
  7913 | D:9      | Found a staircase to the Orcish Mines.
  8215 | D:9      | Noticed Harold
  8227 | D:9      | Killed Harold
  8557 | D:10     | Entered Level 10 of the Dungeon
  8644 | D:10     | Found a runed translucent gate.
  8648 | D:10     | Noticed Peren's ghost (journeyman SpEn)
  8651 | D:10     | Found a runed translucent gate.
  8651 | D:10     | Found a runed translucent gate.
  8651 | D:10     | Noticed nogo's ghost (journeyman MiHu)
  8651 | D:10     | Noticed Aksej's ghost (novice DsGl)
  8652 | D:10     | Noticed raistware's ghost (journeyman HuIE)
  8797 | D:10     | Found a shimmering blue altar of Sif Muna.
  8842 | D:10     | Noticed Fannar
  8855 | D:10     | Killed Fannar
  9028 | D:10     | You fall into a shaft and drop 2 floors!
  9096 | D:11     | Noticed a two-headed ogre
  9102 | D:11     | Killed a two-headed ogre
  9358 | D:11     | Noticed a boulder beetle
  9372 | D:11     | Killed a boulder beetle
  9521 | D:10     | Found Igruter's Armour Boutique.
 10018 | D:10     | Killed nogo's ghost
 10028 | D:10     | Killed Peren's ghost
 10100 | D:10     | Killed Aksej's ghost
 10101 | D:10     | Gained mutation: You have large cloven feet. [demonic
                  | ancestry]
 10101 | D:10     | Reached XP level 12. HP: 100/100 MP: 16/18
 10341 | D:10     | Killed raistware's ghost
 10666 | D:11     | Identified the +5 war axe of Yvve {antimagic, rCorr Str+3
                  | Dex+2}
 11128 | D:12     | Noticed a two-headed ogre
 11136 | D:12     | Killed a two-headed ogre
 11169 | D:12     | Reached skill level 10 in Invocations
 11194 | D:12     | Noticed a boulder beetle
 11212 | D:12     | Killed a boulder beetle
 11212 | D:12     | Reached ***** piety under Yredelemnul
 11356 | D:12     | Noticed an eight-headed hydra
 11365 | D:12     | Killed an eight-headed hydra
 11712 | D:12     | Got Voky's Volume of Harmful Lightness
 11868 | D:13     | Found Muontis's Armour Shoppe.
 11910 | D:13     | Noticed a centaur warrior
 11916 | D:13     | Killed a centaur warrior
 11961 | D:13     | Noticed a boulder beetle
 11971 | D:13     | Killed a boulder beetle
 11972 | D:13     | Reached skill level 5 in Armour
 11979 | D:13     | Identified the +3 leather armour of Pirrick {Int+3}
 12068 | D:13     | Noticed a centaur warrior
 12081 | D:13     | Killed a centaur warrior
 12357 | D:13     | Reached ****** piety under Yredelemnul
 12413 | D:13     | Gained mutation: You are powered by pain. [demonic
                  | ancestry]
 12413 | D:13     | Reached XP level 13. HP: 109/109 MP: 14/22
 12624 | D:13     | Found a gate to the Vaults.
 14546 | D:15     | Entered Level 15 of the Dungeon
 14642 | D:15     | Paralysed by an orc sorcerer for 6 turns
 14680 | D:15     | Identified the ring of the Final Decision {rPois Str+4}
 14699 | D:15     | Reached skill level 5 in Shields
 14902 | D:15     | Identified the +8 spear "Seggalin" {drain, rElec Str+4
                  | Int-4}
 15517 | D:15     | Gained mutation: You have hoof-like feet. [demonic
                  | ancestry]
 15517 | D:15     | Reached XP level 14. HP: 101/118 MP: 11/24
 15525 | D:15     | Reached skill level 1 in Dodging
 15694 | D:15     | Noticed Louise
 15700 | D:15     | Killed Louise
 16245 | D:15     | Found a shadowy altar of Dithmenos.
 16324 | D:15     | Noticed a white very ugly thing
 16332 | D:15     | Killed a white very ugly thing
 16349 | D:15     | Reached skill level 15 in Invocations
 16448 | D:15     | Noticed a ghost moth
 16456 | D:15     | a ghost moth changed into an ettin
 16462 | D:15     | Found a staircase to the Depths.
 16968 | Lair:1   | Entered Level 1 of the Lair of Beasts
 17607 | Lair:2   | Noticed Erica
 17616 | Lair:2   | Killed Erica
 18245 | Lair:2   | Noticed Nergalle
 18251 | Lair:2   | Killed Nergalle
 19749 | Lair:4   | Found a staircase to the Snake Pit.
 19800 | Lair:4   | Reached skill level 15 in Polearms
 20047 | Lair:4   | Found a runed translucent gate.
 20048 | Lair:4   | Found a runed translucent gate.
 20049 | Lair:4   | Found a runed translucent gate.
 20050 | Lair:4   | Noticed lennort's ghost (journeyman MiBe)
 20063 | Lair:4   | Killed lennort's ghost
 20157 | Lair:4   | Found a staircase to the Swamp.
 20542 | Lair:4   | Reached XP level 15. HP: 127/127 MP: 26/26
 21019 | Lair:5   | Noticed Snorg
 21024 | Lair:5   | Killed Snorg
 21062 | Lair:5   | Reached skill level 15 in Fighting
 21927 | Lair:6   | Entered Level 6 of the Lair of Beasts
 22026 | Lair:6   | Found a staircase to the Slime Pits.
 22683 | Lair:6   | Found a large runed translucent door.
 22683 | Lair:6   | Found a large runed translucent door.
 23459 | Orc:1    | Entered Level 1 of the Orcish Mines
 24071 | Orc:2    | Entered Level 2 of the Orcish Mines
 24317 | Orc:2    | Found Bearag's Antique Weapon Shop.
 24356 | Orc:2    | Noticed an orc warlord
 24363 | Orc:2    | Killed an orc warlord
 24447 | Orc:2    | Found Byxzegy's Jewellery Emporium.
 24455 | Orc:2    | Found Konuobirog's General Store.
 24590 | Orc:2    | Found a staircase to the Elven Halls.
 24592 | Orc:2    | Found Tata's Antique Armour Boutique.
 24741 | Orc:2    | Bought the ring of Xom's Outrage {rN+ Will+++ AC+4 Str-4
                  | Slay+5} for 923 gold pieces
 24779 | Orc:2    | Found Naiguf's Book Boutique.
 25198 | Elf:1    | Entered Level 1 of the Elven Halls
 25416 | Elf:1    | Reached XP level 16. HP: 138/138 MP: 23/27
 25729 | Elf:1    | Found Emyned's Antique Weapon Shoppe.
 25874 | Elf:1    | Got the Almanac of Combat Magic
 26549 | Elf:2    | Found a runed translucent gate.
 26550 | Elf:2    | Found a runed translucent gate.
 26550 | Elf:2    | Found a runed translucent gate.
 26563 | Elf:2    | Noticed Jorgrun
 26727 | Elf:1    | Killed Jorgrun
 27548 | Elf:3    | Entered Level 3 of the Elven Halls
 27876 | Elf:3    | Found Kiwn's Magic Scroll Shop.
 27878 | Elf:3    | Found Jedghaop's Antique Weapon Boutique.
 27881 | Elf:3    | Found Idav Wichi's Distillery.
 27884 | Elf:3    | Bought a scroll of blinking for 105 gold pieces
 27941 | Elf:3    | Gained mutation: You have hooves in place of feet. [demonic
                  | ancestry]
 27941 | Elf:3    | Reached XP level 17. HP: 148/148 MP: 23/28
 27976 | Elf:3    | Found a runed translucent door.
 28249 | Elf:3    | Noticed a deep elf master archer
 28258 | Elf:3    | Killed a deep elf master archer
 28426 | Elf:3    | Noticed a deep elf blademaster
 28435 | Elf:3    | Killed a deep elf blademaster
 28435 | Elf:3    | Enslaved a deep elf blademaster
 28478 | Elf:3    | Noticed a deep elf blademaster
 28481 | Elf:3    | Noticed a deep elf master archer
 28483 | Elf:3    | Killed a deep elf blademaster
 28494 | Elf:3    | Noticed a deep elf master archer
 28777 | Elf:3    | Found the +1 robe of Vines {NoPotionHeal Regen++++}
 28787 | Elf:3    | Identified the +1 robe of Kecly {Harm Rampage rElec Int-5}
 28789 | Elf:3    | Found the -2 hat of the Alchemist {rElec rPois rF+ rC+ rN+
                  | Will+ rMut rCorr}
 28797 | Elf:3    | Killed a deep elf master archer
 28803 | Elf:3    | Found the +9 staff of Olgreb {rPois∞}
 28823 | Elf:3    | Got the Guide on Beguiling
 28843 | Elf:3    | Identified the +7 hand crossbow "Leixob" {venom, *Slow
                  | Int+5}
 28844 | Elf:3    | Identified the +2 helmet of Cuosilud {Str+3 Stlth+}
 28846 | Elf:3    | Got Otelot's Reference Book on Arcane Weapons and Evil
                  | Magic
 28898 | Elf:3    | Killed a deep elf master archer
 29426 | Swamp:1  | Entered Level 1 of the Swamp
 29478 | Swamp:1  | Identified the +1 whip of Caer {venom, Dex+3}
 30699 | Swamp:2  | Gained mutation: You are completely covered in sharp
                  | spines. [demonic ancestry]
 30699 | Swamp:2  | Reached XP level 18. HP: 157/158 MP: 21/29
 31264 | Swamp:3  | Found a runed translucent gate.
 31264 | Swamp:3  | Found a runed translucent gate.
 31264 | Swamp:3  | Found a runed translucent gate.
 31265 | Swamp:3  | Noticed a tentacled monstrosity
 31269 | Swamp:3  | Noticed a tentacled monstrosity
 31270 | Swamp:3  | Noticed ouz's ghost (adept OpBr)
 31311 | Swamp:3  | Noticed Donald
 31317 | Swamp:3  | Killed Donald
 31992 | Swamp:3  | Killed a tentacled monstrosity
 31996 | Swamp:3  | Killed a tentacled monstrosity
 32010 | Swamp:3  | Killed ouz's ghost
 32179 | Swamp:4  | Entered Level 4 of the Swamp
 32527 | Swamp:4  | Got a decaying rune of Zot
 33207 | Snake:1  | Entered Level 1 of the Snake Pit
 34177 | Snake:1  | Found Cuecs's Book Boutique.
 34495 | Snake:2  | Found a transporter.
 34539 | Snake:2  | Noticed Qojoc's ghost (adept GnHu)
 34547 | Snake:2  | Found a shimmering altar of Xom.
 34697 | Snake:2  | Reached XP level 19. HP: 168/168 MP: 26/30
 34972 | Snake:2  | Found a transporter.
 35003 | Snake:2  | Killed Qojoc's ghost
 35005 | Snake:2  | Identified the amulet of Starshine {Faith Dex+5 Stlth+}
 35933 | Snake:3  | Found an ornate altar of the Wu Jian Council.
 36006 | Snake:3  | Identified the +1 chain mail of Ycworibb {-Tele rN++ Int+2
                  | Dex+4}
 36506 | Snake:4  | Entered Level 4 of the Snake Pit
 36649 | Snake:4  | Noticed Kirke
 36659 | Snake:4  | Killed Kirke
 36668 | Snake:4  | Your ally Kirke died
 37291 | Snake:4  | Noticed Saint Roka
 37382 | Snake:4  | Killed Saint Roka
 37438 | Snake:4  | Got a serpentine rune of Zot
 38166 | D:2      | Bought the +7 plate armour "Ulowo" {rElec rN++ Will-
                  | Slay+2} for 1040 gold pieces
 38468 | Vaults:1 | Entered Level 1 of the Vaults
 38619 | Vaults:1 | Gained mutation: You are robust. (+10% HP) [demonic
                  | ancestry]
 38619 | Vaults:1 | Reached XP level 20. HP: 171/195 MP: 22/32
 40099 | Vaults:1 | Identified the +10 falchion "Ahimijur" {spect, *Slow Str+7
                  | Stlth+}
 41386 | Vaults:2 | Noticed a bone dragon
 41398 | Vaults:2 | Killed a bone dragon
 41421 | Vaults:2 | Found a staircase to the Crypt.
 42330 | Vaults:2 | Found a portal to a secret trove of treasure.
 42669 | Vaults:2 | Found Ineotheps's Book Shop.
 42677 | Vaults:2 | Bought a book of Spatial Translocations for 390 gold pieces
 42680 | Vaults:2 | Learned a level 2 spell: Blink
 43191 | Vaults:3 | Reached XP level 21. HP: 178/206 MP: 31/35
 43971 | Vaults:3 | You fall into a shaft and drop 1 floor!
 45286 | Vaults:3 | Noticed a golden dragon
 45300 | Vaults:3 | Killed a golden dragon
 45890 | Vaults:3 | Reached skill level 1 in Translocations
 45906 | Vaults:3 | Reached skill level 1 in Spellcasting
 47094 | Vaults:4 | Noticed Mennas
 47141 | Vaults:4 | Killed Mennas
 47141 | Vaults:4 | Enslaved Mennas
 48046 | Crypt:1  | Entered Level 1 of the Crypt
 48175 | Crypt:1  | Gained mutation: You are very robust. (+20% HP) [demonic
                  | ancestry]
 48175 | Crypt:1  | Reached XP level 22. HP: 210/237 MP: 35/37
 48306 | Crypt:1  | Identified the ring of Evetot {Ice rElec Str+5 Int+3}
 48306 | Crypt:1  | Noticed Josephina
 48320 | Crypt:1  | Killed Josephina
 49944 | Crypt:3  | Entered Level 3 of the Crypt
 50571 | Crypt:3  | Noticed Vv
 50580 | Crypt:3  | Killed Vv
 50581 | Crypt:3  | Reached skill level 5 in Dodging
 50676 | Crypt:3  | Found an ancient bone altar of Kikubaaqudgha.
 50722 | Crypt:3  | Noticed a dread lich
 50732 | Crypt:3  | Killed a dread lich
 50743 | Crypt:3  | Got the Guide on Evil Companions
 51094 | Crypt:3  | Found a staircase to the Tomb.
 51313 | Crypt:3  | Found the +4 dagger "Morg" {pain, Will+ Int+5}
 51828 | Depths:1 | Entered Level 1 of the Depths
 51885 | Depths:1 | Found a gateway to Hell.
 52037 | Depths:1 | Reached skill level 10 in Armour
 52222 | Depths:1 | Found Jyduppiduj's Book Shoppe.
 52224 | Depths:1 | Found Ychoale's Jewellery Shop.
 52225 | Depths:1 | Found Xamnyd's Book Shoppe.
 53185 | Depths:2 | Noticed Nikola
 53186 | Depths:2 | Found Odoq's Antique Armour Shoppe.
 53189 | Depths:2 | Killed Nikola
 53215 | Depths:2 | Bought a polished hat for 252 gold pieces
 53215 | Depths:2 | Identified the +2 hat of Busch {Rampage rC+} (You bought it
                  | in a shop on level 2 of the Depths)
 53215 | Depths:2 | Bought a pair of embroidered gloves for 210 gold pieces
 53236 | Depths:2 | Found a one-way gate to the infinite horrors of the Abyss.
 53285 | Depths:2 | Found an ancient bone altar of Kikubaaqudgha.
 53286 | Depths:2 | Found a runed translucent gate.
 53286 | Depths:2 | Found a runed translucent gate.
 53286 | Depths:2 | Found a runed translucent gate.
 53286 | Depths:2 | Noticed Nigaic's ghost (veteran VSFi)
 53286 | Depths:2 | Noticed Helaemn's ghost (adept TeAE)
 53286 | Depths:2 | Noticed Amohu's ghost (veteran MiBe)
 53287 | Depths:2 | Noticed a dread lich
 53287 | Depths:2 | Noticed a dread lich
 53313 | Depths:2 | Noticed Bai Suzhen
 53322 | Depths:2 | Killed Bai Suzhen
 53364 | Depths:2 | Killed Amohu's ghost
 53365 | Depths:2 | Reached XP level 23. HP: 220/249 MP: 30/39
 53368 | Depths:2 | Your ally Bai Suzhen died
 53368 | Depths:2 | Killed a dread lich
 53372 | Depths:2 | Killed a dread lich
 53378 | Depths:2 | Killed Helaemn's ghost
 53383 | Depths:2 | Killed Nigaic's ghost
 53389 | Depths:2 | Identified the amulet of the Amoeba {Faith Int+4}
 53394 | Depths:2 | Identified the -1 pair of gloves of Yguigo {Contam +Inv Fly
                  | rF+}
 53493 | Depths:2 | Found a one-way gate leading to the halls of Pandemonium.
 54341 | Depths:3 | Found a large runed translucent door.
 54341 | Depths:3 | Found a large runed translucent door.
 54351 | Depths:3 | Reached skill level 10 in Shields
 55140 | Depths:3 | Found a one-way gateway to a ziggurat.
 56035 | Depths:4 | Entered Level 4 of the Depths
 56124 | Depths:4 | Noticed a juggernaut
 56124 | Depths:4 | Noticed a juggernaut
 56127 | Depths:4 | Reached skill level 1 in Necromancy
 56134 | Depths:4 | Killed a juggernaut
 56144 | Depths:4 | Killed a juggernaut
 56409 | Depths:4 | Reached skill level 15 in Shields
 56452 | Depths:4 | Reached skill level 5 in Necromancy
 56472 | Depths:4 | Noticed Frederick
 56477 | Depths:4 | Killed Frederick
 56557 | Depths:4 | Noticed Margery
 56568 | Depths:4 | Killed Margery
 56780 | Depths:4 | Gained mutation: You are extremely robust. (+30% HP)
                  | [demonic ancestry]
 56780 | Depths:4 | Reached XP level 24. HP: 210/282 MP: 28/39
 56915 | Depths:4 | Found a gate to the Realm of Zot.
 57360 | Depths:4 | Reached skill level 5 in Spellcasting
 57789 | Orc:2    | Bought the +9 hand crossbow "Sunu" {freeze, rN+ Dex+2} for
                  | 1067 gold pieces
 57825 | Orc:2    | Bought A Beginning Course on Wizardry for 156 gold pieces
 57827 | Orc:2    | Learned a level 1 spell: Apportation
 58026 | Snake:1  | Bought the Catalogue of Entrancing Moulding for 476 gold
                  | pieces
 58031 | Snake:1  | Learned a level 3 spell: Portal Projectile
 58424 | Vaults:5 | Entered Level 5 of the Vaults
 58430 | Vaults:5 | Reached skill level 1 in Crossbows
 58464 | Vaults:5 | Reached skill level 5 in Crossbows
 58609 | Vaults:5 | Identified the +1 arbalest of Undoing {venom, rF+ Int+3}
 58855 | Vaults:5 | Got the Grimoire of Skepticism
 59461 | Vaults:5 | Reached skill level 10 in Crossbows
 60026 | Vaults:5 | Noticed a dread lich
 60037 | Vaults:5 | Killed a dread lich
 60154 | Vaults:5 | Got a silver rune of Zot
 60158 | Vaults:5 | Got the Collected Works on Gliding Displacement
 60904 | Slime:1  | Entered Level 1 of the Pits of Slime
 61123 | Slime:5  | Entered Level 5 of the Pits of Slime
 61161 | Slime:5  | Reached XP level 25. HP: 291/291 MP: 26/39
 61303 | Slime:5  | Noticed the Royal Jelly
 61348 | Slime:5  | Killed the Royal Jelly
 61418 | Slime:5  | Got the Papyrus of Execration
 61441 | Slime:5  | Got a slimy rune of Zot
 61455 | Slime:5  | Identified the ring "Saggit" {rF+ rC+ Will- Dex+4}
 61464 | Slime:5  | Identified the +10 crystal plate armour of Objectivity
                  | {Regen+}
 62087 | Depths:2 | Voluntarily entered the Abyss.
 62146 | Depths:2 | Escaped the Abyss
 62150 | Depths:2 | Voluntarily entered the Abyss.
 62154 | Abyss:1  | Found a corrupted altar of Lugonu.
 62298 | Abyss:3  | Got Morchif's Handbook of the Blaze
 62300 | Abyss:3  | Got Vehumet's Incunabulum of Damage Dealing
 62335 | Abyss:3  | Got Sif Muna's Grimoire of Cankerous Transmigration
 62394 | Abyss:5  | Entered Level 5 of the Abyss
 62425 | Abyss:5  | Found a candlelit altar of Ignis.
 62484 | Abyss:5  | Paralysed by accursed screaming for 1 turns
 62521 | Abyss:5  | Noticed a dread lich
 62673 | Abyss:5  | Gained mutation: You have a pair of small horns on your
                  | head. [a neqoxec]
 62712 | Depths:2 | Escaped the Abyss
 62992 | Depths:2 | Voluntarily entered the Abyss.
 63025 | Abyss:2  | Found a corrupted altar of Lugonu.
 63070 | Abyss:3  | Found a sparkling altar of Nemelex Xobeh.
 63070 | Abyss:3  | Found a snail-covered altar of Cheibriados.
 63070 | Abyss:3  | Found a shimmering altar of Xom.
 63070 | Abyss:3  | Found a stormy altar of Qazlal.
 63070 | Abyss:3  | Found a shadowy altar of Dithmenos.
 63070 | Abyss:3  | Found a shimmering blue altar of Sif Muna.
 63070 | Abyss:3  | Found a basalt altar of Yredelemnul.
 63070 | Abyss:3  | Found an opulent altar of Gozag.
 63070 | Abyss:3  | Found an ornate altar of the Wu Jian Council.
 63070 | Abyss:3  | Found a blossoming altar of Fedhas.
 63070 | Abyss:3  | Found a radiant altar of Vehumet.
 63070 | Abyss:3  | Found a burning altar of Makhleb.
 63070 | Abyss:3  | Found an iron altar of Okawaru.
 63070 | Abyss:3  | Found a hazy altar of Hepliaklqana.
 63070 | Abyss:3  | Found a bloodstained altar of Trog.
 63072 | Abyss:3  | Found an ancient bone altar of Kikubaaqudgha.
 63072 | Abyss:3  | Found a hide-covered altar of Uskayaw.
 63072 | Abyss:3  | Found a snail-covered altar of Cheibriados.
 63158 | Abyss:5  | Entered Level 5 of the Abyss
 63235 | Abyss:5  | Noticed a dread lich
 63269 | Abyss:5  | Killed a dread lich
 63349 | Abyss:5  | Reached XP level 26. HP: 130/297 MP: 36/40
 63349 | Abyss:5  | Reached XP level 27. HP: 135/307 MP: 36/40
 63349 | Abyss:5  | Got an abyssal rune of Zot
 63375 | Depths:2 | Escaped the Abyss
 63437 | Zot:1    | Entered Level 1 of the Realm of Zot
 63891 | Zot:1    | Reached skill level 27 in Invocations
 66865 | Zot:4    | Noticed an orb of fire
 66888 | Zot:4    | Killed an orb of fire
 66889 | Zot:4    | Your ally Mennas died
 66905 | Zot:4    | Noticed an orb of fire
 66911 | Zot:4    | Gained mutation: Potions are less effective at restoring
                  | your health. [an orb of fire]
 66920 | Zot:4    | Killed an orb of fire
 67919 | Zot:5    | Entered Level 5 of the Realm of Zot
 68122 | Zot:5    | Noticed an orb of fire
 68135 | Zot:5    | Killed an orb of fire
 68216 | Zot:5    | Noticed an ancient lich
 68217 | Zot:5    | Noticed an orb of fire
 68234 | Zot:5    | Noticed an orb of fire
 68240 | Zot:5    | Killed an ancient lich
 68246 | Zot:5    | Killed an orb of fire
 68248 | Zot:5    | Gained mutation: Your magical capacity is low. (-10% MP)
                  | [an orb of fire]
 68253 | Zot:5    | Killed an orb of fire
 68447 | Hell     | Entered the Vestibule of Hell
 68447 | Hell     | Noticed Geryon
 69330 | Hell     | Found a gateway to the Iron City of Dis.
 69429 | Hell     | Found a gateway to the ashen valley of Gehenna.
 69700 | Hell     | Found a gateway to the decaying netherworld of Tartarus.
 69796 | Hell     | Killed Geryon
 70107 | Hell     | Found a gateway to the freezing wastes of Cocytus.
 70275 | Coc:1    | Entered Level 1 of Cocytus
 70855 | Pan      | Entered Pandemonium
 70879 | Pan      | Noticed Gys Tutt the pandemonium lord
 70920 | Pan      | Killed Gys Tutt the pandemonium lord
 70921 | Pan      | Reached skill level 27 in Polearms
 70927 | Pan      | HP: 12/319 [Brimstone Fiend/damnation (40)]
 71003 | Pan      | Found an exit through the horrors of the Abyss.
 71373 | Pan      | Lost mutation: Potions are less effective at restoring your
                  | health. [potion of mutation]
 71373 | Pan      | Lost mutation: Your magical capacity is low. (-10% MP)
                  | [potion of mutation]
 72906 | Pan      | Entered the realm of Lom Lobon.
 73178 | Pan      | Noticed Lom Lobon
 74356 | Pan      | Got a magical rune of Zot
 74390 | Pan      | Killed Lom Lobon
 74978 | Pan      | Noticed Ryliq the pandemonium lord
 75608 | Pan      | Killed Ryliq the pandemonium lord
 76026 | Pan      | Gained mutation: Your spells are a little harder to cast,
                  | but a little more powerful. [a neqoxec]
 76525 | Pan      | Reached skill level 27 in Fighting
 76704 | Pan      | Gained mutation: Your body sometimes deteriorates upon
                  | taking damage. [a cacodemon]
 76867 | Pan      | Noticed Irups the pandemonium lord
 76901 | Pan      | Killed Irups the pandemonium lord
 77423 | Pan      | Reached skill level 15 in Armour
 78178 | Pan      | Found a runed translucent door.
 78199 | Pan      | Gained mutation: Your magical capacity is low. (-10% MP) [a
                  | cacodemon]
 78200 | Pan      | Noticed Resm the pandemonium lord
 78978 | Pan      | Killed Resm the pandemonium lord
 79627 | Pan      | Noticed Nucont the pandemonium lord
 79781 | Pan      | Lost mutation: Your spells are a little harder to cast, but
                  | a little more powerful. [potion of mutation]
 79781 | Pan      | Lost mutation: Your magical capacity is low. (-10% MP)
                  | [potion of mutation]
 79782 | Pan      | Lost mutation: You have a pair of small horns on your head.
                  | [potion of mutation]
 79782 | Pan      | Lost mutation: Your body sometimes deteriorates upon taking
                  | damage. [potion of mutation]
 79782 | Pan      | Gained mutation: You are clumsy. (Dex -2) [potion of
                  | mutation]
 79782 | Pan      | Gained mutation: You occasionally shout uncontrollably at
                  | your foes. [potion of mutation]
 79857 | Pan      | Noticed Elacrac the pandemonium lord
 80054 | Pan      | Killed Nucont the pandemonium lord
 80266 | Pan      | Killed Elacrac the pandemonium lord
 81195 | Pan      | Entered the realm of Mnoleg.
 81473 | Pan      | Noticed Mnoleg
 81495 | Pan      | Gained mutation: You are occasionally teleported next to
                  | monsters. [a cacodemon]
 81510 | Pan      | Killed Mnoleg
 81510 | Pan      | Enslaved Mnoleg
 81554 | Pan      | Paralysed by a floating eye for 4 turns
 81615 | Pan      | Identified the ring "Usiniare" {rElec MP+9 Int+6 Dex+3}
 81637 | Pan      | Got a glowing rune of Zot
 82143 | Pan      | Your ally Mnoleg died
 82169 | Pan      | Noticed Xumiv the pandemonium lord
 82184 | Pan      | Killed Xumiv the pandemonium lord
 82244 | Pan      | Lost mutation: You are clumsy. (Dex -2) [potion of
                  | mutation]
 82244 | Pan      | Lost mutation: You are occasionally teleported next to
                  | monsters. [potion of mutation]
 82244 | Pan      | Lost mutation: You occasionally shout uncontrollably at
                  | your foes. [potion of mutation]
 82244 | Pan      | Gained mutation: Your mind is acute. (Int +2) [potion of
                  | mutation]
 83178 | Pan      | Found an exit through the horrors of the Abyss.
 83241 | Pan      | Paralysed by accursed screaming for 1 turns
 83612 | Pan      | Entered the realm of Cerebov.
 83668 | Pan      | Identified the +0 chain mail of the Armoured One {rC-
                  | Str+5}
 83784 | Pan      | Identified the +4 dagger of Disharmony {vorpal, Str+2 Dex+4
                  | Stlth+}
 83868 | Pan      | Reached skill level 5 in Translocations
 83915 | Pan      | Identified the ring "Qiddeg" {Fire Int+3 SInv}
 84023 | Pan      | Identified the +5 ring mail "Saegufysm" {Rampage Int+6
                  | Dex-3}
 84057 | Pan      | Identified the +9 mace of Valiance {drain, Dex+2}
 84113 | Pan      | Identified the +1 robe of the Alphagorgon {Str+4}
 84113 | Pan      | Identified the amulet of Kiejiudi {Acrobat Dex+2}
 84113 | Pan      | Found the +6 sword of Cerebov {flame}
 84113 | Pan      | Noticed Cerebov
 84155 | Pan      | Killed Cerebov
 84155 | Pan      | Enslaved Cerebov
 84200 | Pan      | Identified the +6 broad axe of Starshine {antimagic, Drain
                  | rF+ rC+}
 84234 | Pan      | Got a fiery rune of Zot
 84383 | Pan      | Entered the realm of Gloorx Vloq.
 84554 | Pan      | Noticed Gloorx Vloq
 84605 | Pan      | Killed Gloorx Vloq
 84815 | Pan      | Got a dark rune of Zot
 85034 | Pan      | Found an exit through the horrors of the Abyss.
 85455 | Pan      | Reached skill level 10 in Spellcasting
 85455 | Pan      | Reached skill level 10 in Necromancy
 85598 | Pan      | Noticed Dafrarch the pandemonium lord
 85607 | Pan      | Killed Dafrarch the pandemonium lord
 85992 | Pan      | Found an exit through the horrors of the Abyss.
 86014 | Pan      | Learned a level 2 spell: Sublimation of Blood
 86018 | Pan      | Learned a level 3 spell: Lesser Beckoning
 86654 | Pan      | Identified the +4 chain mail of the Game Afoot {rPois
                  | Stlth+}
 87006 | Pan      | Found a runed translucent door.
 87135 | Pan      | Noticed Byiceq the pandemonium lord
 87144 | Pan      | Killed Byiceq the pandemonium lord
 87551 | Pan      | Noticed Nukk the pandemonium lord
 87566 | Pan      | Killed Nukk the pandemonium lord
 87711 | Pan      | Identified the +6 morningstar of Niadebit {vorpal, Int+2
                  | Dex+4}
 88235 | Pan      | Identified the +5 plate armour of the Journeyman {rF- rN++
                  | Int+5}
 88309 | Pan      | Noticed Hativ the pandemonium lord
 88323 | Pan      | Killed Hativ the pandemonium lord
 88732 | Pan      | Noticed Caedyt the pandemonium lord
 88750 | Pan      | Killed Caedyt the pandemonium lord
 89301 | Pan      | Gained mutation: Your body sometimes deteriorates upon
                  | taking damage. [a neqoxec]
 89315 | Pan      | Reached skill level 15 in Necromancy
 89444 | Pan      | Identified the +6 broad axe "Wawugo" {spect, rElec Int+2
                  | Stlth+}
 89803 | Pan      | Noticed Alisohir the pandemonium lord
 89827 | Pan      | Killed Alisohir the pandemonium lord
 89994 | Pan      | Found an exit through the horrors of the Abyss.
 90443 | Pan      | Noticed Baoghyx the pandemonium lord
 90455 | Pan      | Killed Baoghyx the pandemonium lord
 90685 | Pan      | Found an exit through the horrors of the Abyss.
 90754 | Pan      | Noticed Woelaora the pandemonium lord
 90763 | Pan      | Killed Woelaora the pandemonium lord
 90943 | Pan      | Noticed Rocleg the pandemonium lord
 90957 | Pan      | Killed Rocleg the pandemonium lord
 91169 | Pan      | Found an exit through the horrors of the Abyss.
 91784 | Pan      | Noticed Edumalun the pandemonium lord
 91793 | Pan      | Killed Edumalun the pandemonium lord
 91828 | Pan      | Found a transporter.
 91886 | Pan      | Found a transporter.
 91890 | Pan      | Identified the ring "Goschy" {rC+ Slay+4 Stlth+}
 91902 | Pan      | Identified the ring of Winastrank {Ice rPois Dex+4 Stlth+}
 92931 | Pan      | Found an exit through the horrors of the Abyss.
 93082 | Pan      | Noticed Tuhop the pandemonium lord
 93104 | Pan      | Killed Tuhop the pandemonium lord
 93971 | Pan      | Identified the +11 chain mail of Loss {Harm Will+ rCorr}
 93971 | Pan      | Noticed a seraph
 93997 | Pan      | Killed a seraph
 94028 | Pan      | Got a demonic rune of Zot
 94029 | Pan      | Identified the +4 plate armour of Benevolence {Dex+3}
 94033 | Pan      | Identified the +5 quarterstaff of Wrongful Imprisonment
                  | {drain, rC+ Will- Str+3 Stlth+}
 94882 | Depths:2 | Escaped Pandemonium
 94883 | Depths:2 | Lost mutation: Your body sometimes deteriorates upon taking
                  | damage. [potion of mutation]
 94883 | Depths:2 | Lost mutation: Your mind is acute. (Int +2) [potion of
                  | mutation]
 95140 | Vaults:2 | You paid a toll of 2 scrolls of acquirement to enter a
                  | treasure trove
 95141 | Trove    | Entered a treasure trove
 95150 | Trove    | Identified the -4 buckler of the Swamp {rF+}
 95154 | Trove    | Identified the ring "Epsuus" {rElec rF++ rC+ Str+6 Dex-5}
 95157 | Trove    | Identified the ring of Dudael {rCorr Int+5 Slay+4}
 95162 | Trove    | Got Faunlahy's Grimoire of Dislocated Intoxication
 95214 | Vaults:2 | Learned a level 8 spell: Borgnjor's Revivification
 95220 | Vaults:2 | Learned a level 5 spell: Manifold Assault
 95227 | Vaults:2 | Learned a level 6 spell: Dispersal
 95237 | Vaults:2 | Learned a level 9 spell: Death's Door
 95246 | Vaults:2 | Learned a level 8 spell: Necromutation
 95953 | Coc:3    | Reached skill level 15 in Spellcasting
 96004 | Coc:3    | Paralysed by a wendigo for 1 turns
 96048 | Coc:3    | Noticed a dread lich
 96058 | Coc:3    | Killed a dread lich
 96073 | Coc:3    | Noticed an ancient lich
 96080 | Coc:3    | Noticed an ancient lich
 96083 | Coc:3    | Killed an ancient lich
 96089 | Coc:3    | Killed an ancient lich
 96090 | Coc:3    | Reached skill level 1 in Transmutations
 96090 | Coc:3    | Noticed a dread lich
 96092 | Coc:3    | Noticed a dread lich
 96094 | Coc:3    | Noticed an ancient lich
 96094 | Coc:3    | Killed a dread lich
 96097 | Coc:3    | Noticed a dread lich
 96098 | Coc:3    | Killed a dread lich
 96100 | Coc:3    | Noticed an ancient lich
 96109 | Coc:3    | Killed an ancient lich
 96109 | Coc:3    | Noticed an ancient lich
 96116 | Coc:3    | Killed a dread lich
 96124 | Coc:3    | Killed an ancient lich
 96129 | Coc:3    | Killed an ancient lich
 96884 | Coc:6    | Noticed an ancient lich
 96887 | Coc:6    | Reached skill level 5 in Transmutations
 96913 | Coc:6    | Killed an ancient lich
 97218 | Coc:7    | Entered Level 7 of Cocytus
 97486 | Coc:7    | Paralysed by a wendigo for 1 turns
 97509 | Coc:7    | Paralysed by a wendigo for 1 turns
 97522 | Coc:7    | Paralysed by a wendigo for 1 turns
 97537 | Coc:7    | Paralysed by a wendigo for 1 turns
 98118 | Coc:7    | Identified the +10 quarterstaff "Esoniom" {vorpal, SInv}
 98472 | Coc:7    | Paralysed by a wendigo for 1 turns
 98513 | Coc:7    | Paralysed by a wendigo for 1 turns
 98552 | Coc:7    | Found the +8 storm bow {elec, penet}
 98659 | Coc:7    | Paralysed by a wendigo for 1 turns
 98738 | Coc:7    | Reached skill level 10 in Transmutations
 98815 | Coc:7    | Identified the +5 short sword of Subterfuge {vorpal,
                  | Fragile rF+ Str+6 Stlth+}
 98815 | Coc:7    | Noticed Antaeus
 98826 | Coc:7    | Your ally Cerebov died
 98849 | Coc:7    | Gained mutation: Armour fits poorly on your strangely
                  | shaped body. [mutagenic glow]
 99068 | Coc:7    | Killed Antaeus
 99090 | Coc:7    | Identified the +7 battleaxe of Kieshr Emuze {pain, Dex+6}
 99093 | Coc:7    | Got an icy rune of Zot
 99638 | Dis:1    | Entered Level 1 of the Iron City of Dis
102097 | Pan      | Entered Pandemonium
103212 | Pan      | Found an exit through the horrors of the Abyss.
103379 | Pan      | Noticed Zuthrose the pandemonium lord
103390 | Pan      | Killed Zuthrose the pandemonium lord
103489 | Pan      | Found an exit through the horrors of the Abyss.
103741 | Pan      | Noticed Jiwn the pandemonium lord
103760 | Pan      | Killed Jiwn the pandemonium lord
103929 | Pan      | Identified the +7 scale mail of Absolutism {Str+3}
105512 | Pan      | Took an exit into the Abyss.
105512 | Abyss:1  | Escaped into the Abyss
105528 | Depths:2 | Escaped the Abyss
105663 | Dis:3    | Noticed an ancient lich
105676 | Dis:3    | Killed an ancient lich
105729 | Dis:3    | Noticed an ancient lich
105734 | Dis:3    | Killed an ancient lich
106991 | Dis:6    | Reached skill level 15 in Transmutations
107794 | Dis:7    | Entered Level 7 of the Iron City of Dis
108814 | Dis:7    | Noticed a juggernaut
108854 | Dis:7    | Killed a juggernaut
108857 | Dis:7    | Found the amulet of Vitality {Regen+ HP+15}
108881 | Dis:7    | Identified the amulet of Ephemeral Luck {RegenMP rN+}
109158 | Dis:7    | Killed from afar by a Hell Sentinel

Illustrated notes

Levels and vault maps discovered:
D:1:      onia_arrival_mini_maze, layout_rooms, nicolae_ecumenical_lake_church,
          serial_forest, infiniplex_forest_clump_tiny,
          infiniplex_forest_lined_room_3, infiniplex_forest_diagonal,
          infiniplex_forest_clump_double
D:2:      layout_rooms, serial_shops, shop, hangedman_decor_slide_cut,
          minivault_25, uniq_jessica
D:3:      layout_basic
D:4:      layout_basic, serial_shops, nicolae_shop_waterfront,
          grunt_ministairs_15, minmay_cut_off, uniq_pikel, uniq_menkaure,
          uniq_crazy_yiuf_cottage
D:5:      layout_cave_pods, mainiacjoe_overflow_brackets,
          minmay_temple_entry_gardened_gates, grunt_decor_mini_mirrors,
          dk_noncrumbling_2
D:6:      layout_gridville, serial_shops, shop
D:7:      layout_rooms, chequers_serial_rivers_room_a,
          minmay_a_box_with_orc_wizards_in_it
D:8:      layout_loops_corners, grunt_temple_overflow_cloverleaf,
          dpeg_lair_monsters, nicolae_blasting_shop
D:9:      layout_irregular_city, zombieorc2_lemuel, kennysheep_pointless_box,
          uniq_harold
D:10:     layout_stronghold, general_overflow_altar, serial_shops,
          nicolae_shop_waterfront, gammafunk_ghost_cemetery, uniq_fannar
D:11:     layout_stronghold
D:12:     layout_irregular_city, minmay_lindwurm_lava
D:13:     minmay_cornered_nines, layout_small_grid, erik_vaults_1, serial_shops,
          kennysheep_little_box
D:14:     layout_stronghold, nicolae_sextant, grunt_ministairs_6
D:15:     gammafunk_enter_depths_forms, layout_layer_cave,
          nicolae_dithmenos_the_darkroom, uniq_louise
Temple:   eino_temple_scatter_basement
Lair:1:   layout_long_grid
Lair:2:   layout_loops_ring, grunt_megastairs_4, uniq_erica, uniq_nergalle
Lair:3:   layout_cave_pods
Lair:4:   layout_cave_shapes, skrybe_swamp_entry_bodies, dummy_snake_entry,
          gammafunk_ghost_necromancy
Lair:5:   layout_regular_city, serial_bayou_shore_b, uniq_snorg
Lair:6:   cheibrodos_lair_end_hotspot, layout_gridlike,
          minmay_slime_entry_pillars, dpeg_oklob_1
Swamp:1:  layout_basic_swamp, evilmike_swamp_ruin_rubble_1
Swamp:2:  nzn_winding_woodlands_medium [nzn_winding_woodlands_5x5_default,
          nzn_winding_woodlands_5x15_jagged, nzn_winding_woodlands_hourglass,
          nzn_winding_woodlands_5x5_default,
          nzn_winding_woodlands_center_pierced_h,
          nzn_winding_woodlands_5x5_three, nzn_winding_woodlands_5x5_open_star,
          nzn_winding_woodlands_5x15_pool,
          nzn_winding_woodlands_5x5_checkerboard], layout_falls_marsh,
          nicolae_swamp_long_stream, swamp_pool1
Swamp:3:  layout_basic_swamp, gammafunk_ghost_split,
          evilmike_swamp_ruin_house_4, uniq_donald
Swamp:4:  swamp_alternative, layout_basic_swamp, swamp_pool4,
          evilmike_swamp_ruin_house_6
Snake:1:  layout_chambers, serial_shops, nicolae_shop_trees
Snake:2:  layout_concentric_octagons, basic_altar,
          gammafunk_ghost_berserking_beasts
Snake:3:  layout_misc_corridors, basic_altar, grunt_megastairs_5,
          lemuel_fruit_tree
Snake:4:  minmay_snake_end_coiled, layout_gridlike, uniq_saint_roka, uniq_kirke
Slime:1:  layout_caves
Slime:2:  layout_caves
Slime:3:  layout_caves
Slime:4:  layout_caves
Slime:5
Orc:1:    layout_diamond_mine, minmay_orc_barracks
Orc:2:    grunt_orc_gardens, layout_caves, grunt_orc_garden, grunt_orc_garden,
          grunt_orc_garden, grunt_orc_garden, serial_shops,
          nicolae_shop_advertising_works [nicolae_subvault_shop_adworks],
          nicolae_orc_damp_corner
Elf:1:    eino_elf_arrival_sip, layout_loops_cross, serial_shops, shop,
          minmay_elf_annihilation, hex_large
Elf:2:    nicolae_elf_blades_crystal_corner, layout_gridlike, uniq_jorgrun
Elf:3:    minmay_elf_hall_statues, layout_gridlike, nicolae_danse_macabre,
          minmay_shop_star
Vaults:1: hangedman_vaults_variations, nicolae_vaults_little_squares_1,
          nicolae_vaults_network_s, hangedman_vaults_stretched_pinwheel,
          ontoclasm_vaults_misaligned, vaults_dpeg_ring,
          hangedman_vaults_cutoff, hangedman_vaults_cutoff,
          ontoclasm_vaults_misaligned, v_alt_pattern_4, vaults_room_grid,
          nicolae_vaults_asterisk, vaults_room_ringed_pool,
          ontoclasm_vaults_gallery, vaults_room_pool, layout_vaults_omnicross,
          serial_glass
Vaults:2: v_rooms_2, minmay_crypt_entry_nasty_monster,
          ontoclasm_vaults_loading_screen, grunt_vaults_diagonal,
          v_alt_pattern_5, v_misc_27, nicolae_vaults_little_ls,
          nicolae_vaults_little_squares_1, nicolae_vaults_border_crossing,
          nicolae_vaults_big_angled_halls, layout_vaults_big_room, serial_shops,
          shop, nicolae_trove_entry_path_of_doom
Vaults:3: nicolae_vaults_mini_display_case, v_pattern_3, ontoclasm_vaults_idyll,
          vaults_standard_mumra_enter_the_diamond, ontoclasm_vaults_tryst,
          v_misc_9, v_misc_17, vaults_mumra_bighexcomb,
          ontoclasm_vaults_ring_square, ontoclasm_vaults_chip,
          nicolae_vaults_network_star, nicolae_vaults_rhombus_6, v_misc_19,
          v_misc_14, layout_vaults_omnibox
Vaults:4: hangedman_vaults_stream, v_alt_pattern_3, v_pattern_4,
          ontoclasm_vaults_hangar, hangedman_vaults_slither, vaults_room_grid,
          nicolae_vaults_circle_grid_b, v_alt_pattern_2,
          ontoclasm_vaults_gateway, ontoclasm_vaults_decontamination, v_rooms_5,
          v_misc_18, ontoclasm_vaults_twist, layout_vaults_maze, uniq_mennas
Vaults:5
Crypt:1:  layout_basic, grunt_crypt_arrival_guarded_gate, uniq_josephina
Crypt:2:  layout_gridlike
Crypt:3:  quadcrypt_mu, uniq_vv
Depths:1: layout_cave_pools, hell_entry, drop_trap, grunt_ministairs_7,
          due_unseen_surprise, minmay_shop_grove
Depths:2: dreamdust_merry_men, layout_cave_pools, rand_demon_pan_entry_1,
          abyss_entry_small_statue_room, grunt_decor_clamped,
          gammafunk_ghost_crypt, hangedman_coc_ice_floe, serial_shops,
          nicolae_diamond_shop, kennysheep_generic_room_8, uniq_nikola,
          uniq_bai_suzhen
Depths:3: lightli_eight_chambers, layout_basic, enter_ziggurat_d,
          grunt_mini_vestibule, chequers_serial_rivers_micro_e, abyss_entry,
          minivault_15, st_stairs_4, roderic_lattice_a, minmay_misc_feat_plants
Depths:4: grunt_zot_entry_tricorne, layout_gridville, zin_angel, abyss_entry,
          pf_vacation_house_of_asmodeus, grunt_megastairs_3, uniq_frederick,
          uniq_margery
Hell
Dis:1:    layout_subdivisions
Dis:2:    layout_gridville, nicolae_dis_scattering
Dis:3:    hangedman_iron_city_apartments
Dis:4:    layout_subdivisions
Dis:5:    layout_gridville, glass_columns_a
Dis:6:    layout_jigsaw, minmay_strange_pillars
Dis:7:    dis_st
Coc:1:    layout_cocytus_delve, nicolae_coc_icebean_singular
          [nicolae_sub_coc_subbean]
Coc:2:    layout_ice_bergs, nicolae_coc_statues_of_limitations
Coc:3:    layout_ice_bergs, nicolae_hells_leichenhalle
Coc:4:    layout_ice_bergs
Coc:5:    layout_cocytus_delve, nicolae_coc_melting_block
Coc:6:    layout_cocytus_delve
Coc:7:    coc_hangedman
Zot:1:    layout_gridville
Zot:2:    layout_gridlike, lemuel_elevator
Zot:3:    layout_gridville, lemuel_golem_globe, grunt_megastairs_1
Zot:4:    layout_cathedral_of_symmetry
Zot:5:    layout_cathedral_of_symmetry, grunt_ministairs_5

Skill      XL: |  1  2  3  4  5  6  7  8  9 10 11 12 13 14 15 16 17 18 19 20 21 22 23 24 25 26 27 |
---------------+----------------------------------------------------------------------------------+-----
Polearms       | 2 3 4 6 7 9 11 12 13 14 15 17 19 21 22 24 27 | 27.0
Fighting       | 4 5 6 7 8 10 11 12 13 14 16 17 18 19 20 21 22 23 24 27 | 27.0
Invocations    | 5 8 12 14 15 16 20 23 24 26 27 | 27.0
Armour         | 5 7 8 10 11 18 | 18.5
Shields        | 5 7 15 24 | 24.0
Dodging        | 3 7 |  7.0
Translocations | 4 8 |  8.0
Spellcasting   | 2 3 4 6 17 | 17.0
Necromancy     | 8 9 22 | 22.8
Crossbows      | 10 | 10.0
Transmutations | 16 | 16.5

Action                   |  1- 3 |  4- 6 |  7- 9 | 10-12 | 13-15 | 16-18 | 19-21 | 22-24 | 25-27 || total
-------------------------+-------+-------+-------+-------+-------+-------+-------+-------+-------++-------
Melee: Trident           |    61 |   141 |   205 |   340 |   229 |       |       |       |       ||   976
       Halberd           |       |       |       |   257 |       |       |       |       |       ||   257
       Kick              |       |       |       |    40 |   141 |   186 |   309 |   300 |  2312 ||  3288
       Spear             |       |       |       |       |    48 |       |       |       |       ||    48
       Glaive            |       |       |       |       |   529 |   158 |       |       |       ||   687
       Bardiche          |       |       |       |       |       |   721 |  1102 |   340 |       ||  2163
       Demon trident     |       |       |       |       |       |       |       |   590 |  6016 ||  6606
       Headbutt          |       |       |       |       |       |       |       |       |   490 ||   490
 Fire: Hand crossbow     |       |       |       |       |       |       |       |     3 |    73 ||    76
Throw: Throwing net      |       |     1 |     1 |       |       |     1 |       |       |     6 ||     9
 Cast: Blink             |       |       |       |       |       |       |       |     1 |    19 ||    20
       Portal Projectile |       |       |       |       |       |       |       |       |    12 ||    12
       Manifold Assault  |       |       |       |       |       |       |       |       |     4 ||     4
Invok: Recall Undead Har |       |     2 |     3 |     7 |    11 |     5 |    24 |     5 |    60 ||   117
       Dark Bargain      |       |       |     4 |     1 |    38 |    16 |    28 |    42 |   123 ||   252
       Bind Soul         |       |       |       |       |     1 |     5 |    10 |       |    15 ||    31
       Drain Life        |       |       |       |       |       |     3 |     8 |     3 |     3 ||    17
Evoke: Wand              |       |       |       |       |       |       |       |       |     5 ||     5
       Phantom mirror    |       |       |       |       |       |       |       |       |     4 ||     4
  Use: Scroll            |     2 |    11 |     3 |    11 |     5 |    12 |     4 |     4 |    57 ||   109
       Potion            |       |     2 |     1 |     5 |     5 |    16 |     8 |     4 |    51 ||    92
 Stab: Distracted        |     1 |       |     1 |     2 |    14 |    17 |    21 |    24 |   130 ||   210
       Held in net/web   |       |       |     2 |       |       |     2 |       |       |     4 ||     8
       Invisible         |       |       |     1 |       |       |     1 |       |     1 |       ||     3
       Paralysed         |       |       |       |       |     1 |       |       |       |     3 ||     4
       Fleeing           |       |       |       |       |       |     1 |     3 |     1 |       ||     5
       Confused          |       |       |       |       |       |     1 |       |    33 |    13 ||    47
Armor: Chain mail        |    17 |    53 |    51 |   238 |   453 |   481 |   149 |       |       ||  1442
       Scale mail        |     1 |       |       |       |       |       |       |       |       ||     1
       Plate armour      |       |       |       |       |       |       |   329 |   261 |     9 ||   599
       Crystal plate arm |       |       |       |       |       |       |       |       |  1785 ||  1785
       Pearl dragon scal |       |       |       |       |       |       |       |       |   243 ||   243
Dodge: Dodged            |     1 |    33 |    33 |   106 |   167 |   214 |   187 |   119 |   653 ||  1513
Block: Buckler           |    15 |    20 |    18 |    50 |    18 |       |       |       |       ||   121
       Kite shield       |       |       |       |       |    75 |       |       |   146 |  1285 ||  1506
       Other             |       |       |       |       |    32 |   111 |   117 |    27 |       ||   287
       Reflection        |       |       |       |       |     1 |    14 |    12 |    17 |   132 ||   176
       Tower shield      |       |       |       |       |       |       |       |       |  1899 ||  1899

Table legend: (Time is in decaauts)
 A = Elapsed time spent in this place.
 B = Non-inter-level travel time spent in this place.
 C = Inter-level travel time spent in this place.
 D = Time resting spent in this place.
 E = Time spent auto-exploring this place.
 F = Levels seen in this place.
 G = Mean time per level.
                   A        B        C        D        E       F      G
               +--------+--------+--------+--------+--------+-----+--------+
         Total | 106210 |  99527 |   6683 |  12472 |  60997 | 112 |  948.3 |
       Dungeon |  18268 |  15838 |   2430 |    161 |  12563 |  15 | 1217.9 |
        Temple |    227 |    209 |     18 |      0 |    194 |   1 |  227.0 |
          Lair |   7553 |   6137 |   1416 |      0 |   5185 |   6 | 1258.8 |
         Swamp |   3735 |   3563 |    172 |     96 |   2590 |   4 |  933.8 |
     Snake Pit |   4697 |   4407 |    290 |     76 |   3285 |   4 | 1174.2 |
    Slime Pits |    801 |    726 |     75 |     94 |    163 |   5 |  160.2 |
  Orcish Mines |   1863 |   1682 |    181 |    187 |   1268 |   2 |  931.5 |
   Elven Halls |   3986 |   3883 |    103 |    465 |   2327 |   3 | 1328.7 |
        Vaults |  11975 |  11055 |    920 |   1062 |   8128 |   5 | 2395.0 |
         Crypt |   3541 |   3469 |     72 |      0 |   2731 |   3 | 1180.3 |
        Depths |   6284 |   5720 |    564 |    857 |   4065 |   4 | 1571.0 |
          Hell |   2065 |   1995 |     70 |    904 |    376 |   1 | 2065.0 |
           Dis |   4983 |   4983 |      0 |   2785 |    928 |   7 |  711.9 |
       Cocytus |   4368 |   4302 |     66 |   2658 |      0 |   7 |  624.0 |
           Zot |   4837 |   4536 |    301 |     35 |   3543 |   5 |  967.4 |
         Abyss |    891 |    891 |      0 |     31 |      0 |  12 |   74.2 |
   Pandemonium |  26088 |  26088 |      0 |   3057 |  13649 |  27 |  966.2 |
         Trove |     40 |     40 |      0 |      0 |      0 |   1 |   40.0 |
               +--------+--------+--------+--------+--------+-----+--------+

Top non-repeatable levels by time:
Vaults:4: 2668 daAuts
Vaults:1: 2624 daAuts
    D:15: 2443 daAuts
Vaults:2: 2414 daAuts
   Coc:7: 2348 daAuts
Vaults:3: 2292 daAuts
Depths:4: 2190 daAuts
    Hell: 2065 daAuts
Vaults:5: 1976 daAuts
Depths:3: 1940 daAuts
    D:14: 1702 daAuts
   Elf:3: 1665 daAuts
 Crypt:3: 1655 daAuts
  Lair:3: 1506 daAuts
    D:10: 1435 daAuts
